Workbook
Name DEB_AM: [1]TABLAS!$A$28:$A$31
Name DEB_AN: [2]TABLAS!$A$28:$A$31
Name Niveles: Listas!$C$2:$C$271
Name OAP_E1: '[3]6. PAD DPENDENCIAS'!#REF!
Name OAP_E1: '[3]6. PAD DPENDENCIAS'!#REF!
Name OAP_E1: '[3]6. PAD DPENDENCIAS'!#REF!
Name OAP_E2: '[3]6. PAD DPENDENCIAS'!#REF!
Name OAP_E2: '[3]6. PAD DPENDENCIAS'!#REF!
Name OAP_E2: '[3]6. PAD DPENDENCIAS'!#REF!
Name OAP11T: '[3]6. PAD DPENDENCIAS'!$AA$5
Name OAP21T: '[3]6. PAD DPENDENCIAS'!$AA$36
Name OAP31T: '[3]6. PAD DPENDENCIAS'!#REF!
Name OAP31T: '[3]6. PAD DPENDENCIAS'!#REF!
Name OAP31T: '[3]6. PAD DPENDENCIAS'!#REF!
Name OAP32T: '[3]6. PAD DPENDENCIAS'!#REF!
Name OAP32T: '[3]6. PAD DPENDENCIAS'!#REF!
Name OAP32T: '[3]6. PAD DPENDENCIAS'!#REF!
Name OAP33T: '[3]6. PAD DPENDENCIAS'!#REF!
Name OAP33T: '[3]6. PAD DPENDENCIAS'!#REF!
Name OAP33T: '[3]6. PAD DPENDENCIAS'!#REF!
Name OAP34T: '[3]6. PAD DPENDENCIAS'!#REF!
Name OAP34T: '[3]6. PAD DPENDENCIAS'!#REF!
Name OAP34T: '[3]6. PAD DPENDENCIAS'!#REF!
Name OAP3TOTAL: '[3]6. PAD DPENDENCIAS'!#REF!
Name OAP3TOTAL: '[3]6. PAD DPENDENCIAS'!#REF!
Name OAP3TOTAL: '[3]6. PAD DPENDENCIAS'!#REF!
Name OAP41T: '[3]6. PAD DPENDENCIAS'!#REF!
Name OAP41T: '[3]6. PAD DPENDENCIAS'!#REF!
Name OAP41T: '[3]6. PAD DPENDENCIAS'!#REF!
Name OAP42T: '[3]6. PAD DPENDENCIAS'!#REF!
Name OAP42T: '[3]6. PAD DPENDENCIAS'!#REF!
Name OAP42T: '[3]6. PAD DPENDENCIAS'!#REF!
Name OAP43T: '[3]6. PAD DPENDENCIAS'!#REF!
Name OAP43T: '[3]6. PAD DPENDENCIAS'!#REF!
Name OAP43T: '[3]6. PAD DPENDENCIAS'!#REF!
Name OAP44T: '[3]6. PAD DPENDENCIAS'!#REF!
Name OAP44T: '[3]6. PAD DPENDENCIAS'!#REF!
Name OAP44T: '[3]6. PAD DPENDENCIAS'!#REF!
Name OAP4TOTAL: '[3]6. PAD DPENDENCIAS'!#REF!
Name OAP4TOTAL: '[3]6. PAD DPENDENCIAS'!#REF!
Name OAP4TOTAL: '[3]6. PAD DPENDENCIAS'!#REF!
Name OAP51T: '[3]6. PAD DPENDENCIAS'!#REF!
Name OAP51T: '[3]6. PAD DPENDENCIAS'!#REF!
Name OAP51T: '[3]6. PAD DPENDENCIAS'!#REF!
Name OAP52T: '[3]6. PAD DPENDENCIAS'!#REF!
Name OAP52T: '[3]6. PAD DPENDENCIAS'!#REF!
Name OAP52T: '[3]6. PAD DPENDENCIAS'!#REF!
Name OAP53T: '[3]6. PAD DPENDENCIAS'!#REF!
Name OAP53T: '[3]6. PAD DPENDENCIAS'!#REF!
Name OAP53T: '[3]6. PAD DPENDENCIAS'!#REF!
Name OAP54T: '[3]6. PAD DPENDENCIAS'!#REF!
Name OAP54T: '[3]6. PAD DPENDENCIAS'!#REF!
Name OAP54T: '[3]6. PAD DPENDENCIAS'!#REF!
Name OAP5TOTAL: '[3]6. PAD DPENDENCIAS'!#REF!
Name OAP5TOTAL: '[3]6. PAD DPENDENCIAS'!#REF!
Name OAP5TOTAL: '[3]6. PAD DPENDENCIAS'!#REF!
Name OAP61T: '[3]6. PAD DPENDENCIAS'!#REF!
Name OAP61T: '[3]6. PAD DPENDENCIAS'!#REF!
Name OAP61T: '[3]6. PAD DPENDENCIAS'!#REF!
Name OAP62T: '[3]6. PAD DPENDENCIAS'!#REF!

Sheet Listas
A1: PRODUCTO | B1: DESCRIPCIÓN DEL NIVEL | C1: NIVELES
A2: Diagnóstico de archivos | B2: La entidad carece de diagnóstico integral de archivos. | C2: INICIAL | D2: 1 | E2: =MID(B2,1,180) -> La entidad carece de diagnóstico integral de archivos. | F2: =LEN(B2) -> 54
B3: La entidad se encuentra elaborando el diagnóstico integral de archivos teniendo en cuenta los lineamientos establecidos por el Archivo General de la Nación. | C3: BÁSICO | E3: =MID(B3,1,180) -> La entidad se encuentra elaborando el diagnóstico integral de archivos teniendo en cuenta los lineamientos establecidos por el Archivo General de la Nación. | F3: =LEN(B3) -> 156
B4: La entidad cuenta con el documento diagnóstico integral de archivos el cual incluye los aspectos archivísticos, de administración, conservación, infraestructura y tecnología. | C4: INTERMEDIO | E4: =MID(B4,1,180) -> La entidad cuenta con el documento diagnóstico integral de archivos el cual incluye los aspectos archivísticos, de administración, conservación, infraestructura y tecnología. | F4: =LEN(B4) -> 174
B5: La entidad realiza seguimiento y control al diagnóstico de archivos de acuerdo con las herramientas de medición y evaluación previstas que garanticen la elaboración de los instrumentos archivísticos. | C5: AVANZADO 1 | E5: =MID(B5,1,180) -> La entidad realiza seguimiento y control al diagnóstico de archivos de acuerdo con las herramientas de medición y evaluación previstas que garanticen la elaboración de los instrume | F5: =LEN(B5) -> 199
B6: La entidad realiza procesos de mejora continua al diagnóstico de archivos que generen mecanismos de actualización acorde con los cambios administrativos, normativos y tecnológicos. | C6: AVANZADO 2 | E6: =MID(B6,1,180) -> La entidad realiza procesos de mejora continua al diagnóstico de archivos que generen mecanismos de actualización acorde con los cambios administrativos, normativos y tecnológicos. | F6: =LEN(B6) -> 180
A7: Política de Gestión Documental | B7: La entidad carece de la política de gestión documental. | C7: INICIAL | D7: 2 | E7: =MID(B7,1,180) -> La entidad carece de la política de gestión documental. | F7: =LEN(B7) -> 55
B8: La entidad se encuentra elaborando la política de gestión documental de acuerdo con los lineamientos establecidos por el Archivo General de la Nación. | C8: BÁSICO | E8: =MID(B8,1,180) -> La entidad se encuentra elaborando la política de gestión documental de acuerdo con los lineamientos establecidos por el Archivo General de la Nación. | F8: =LEN(B8) -> 150
B9: La entidad implementa la Política de Gestión Documental y en ella se evidencia el compromiso de la alta dirección frente a la gestión documental. | C9: INTERMEDIO | E9: =MID(B9,1,180) -> La entidad implementa la Política de Gestión Documental y en ella se evidencia el compromiso de la alta dirección frente a la gestión documental. | F9: =LEN(B9) -> 145
B10: La entidad realiza seguimiento y control a la Política de Gestión Documental de acuerdo con las herramientas de medición y evaluación previstas por la alta dirección, en articulación con otras políticas para la gestión integral de la información y la documentación. | C10: AVANZADO 1 | E10: =MID(B10,1,180) -> La entidad realiza seguimiento y control a la Política de Gestión Documental de acuerdo con las herramientas de medición y evaluación previstas por la alta dirección, en articulaci | F10: =LEN(B10) -> 265
B11: La entidad adelanta acciones de mejora continua que pueden derivarse en la actualización de la Política de Gestión Documental. | C11: AVANZADO 2 | E11: =MID(B11,1,180) -> La entidad adelanta acciones de mejora continua que pueden derivarse en la actualización de la Política de Gestión Documental. | F11: =LEN(B11) -> 126
A12: Programa de Gestión Documental - PGD. | B12: La entidad carece del Programa de Gestión Documental- PGD. | C12: INICIAL | D12: 3 | E12: =MID(B12,1,180) -> La entidad carece del Programa de Gestión Documental- PGD. | F12: =LEN(B12) -> 58
B13: La entidad se encuentra elaborando el programa de gestión Documental de acuerdo con los lineamientos y metodología definidos por el Archivo General de la Nación. | C13: BÁSICO | E13: =MID(B13,1,180) -> La entidad se encuentra elaborando el programa de gestión Documental de acuerdo con los lineamientos y metodología definidos por el Archivo General de la Nación. | F13: =LEN(B13) -> 161
B14: La entidad implementa y aprueba el Programa de Gestión Documental y en este se incorpora los lineamientos de los procesos archivísticos, encaminados a la planificación, procesamiento, manejo y organización de la documentación producida y recibida, desde su origen hasta su destino final, también incluye los programas específicos de acuerdo con las necesidades de la entidad. | C14: INTERMEDIO | E14: =MID(B14,1,180) -> La entidad implementa y aprueba el Programa de Gestión Documental y en este se incorpora los lineamientos de los procesos archivísticos, encaminados a la planificación, procesamien | F14: =LEN(B14) -> 375
B15: La entidad realiza monitoreo y análisis permanente al Programa de Gestión Documental, para garantizar su desarrollo que se materializará en acciones de revisión y evaluación al desarrollo del PGD. | C15: AVANZADO 1 | E15: =MID(B15,1,180) -> La entidad realiza monitoreo y análisis permanente al Programa de Gestión Documental, para garantizar su desarrollo que se materializará en acciones de revisión y evaluación al des | F15: =LEN(B15) -> 196
B16: La entidad realiza mejora continua al Programa de Gestión Documental, cuyo propósito es mantener los procesos y actividades de la gestión documental en continua innovación, desarrollo y actualización. | C16: AVANZADO 2 | E16: =MID(B16,1,180) -> La entidad realiza mejora continua al Programa de Gestión Documental, cuyo propósito es mantener los procesos y actividades de la gestión documental en continua innovación, desarro | F16: =LEN(B16) -> 200
A17: Plan Institucional de Archivos - PINAR | B17: La entidad carece del Plan Institucional de Archivos - PINAR. | C17: INICIAL | D17: 4 | E17: =MID(B17,1,180) -> La entidad carece del Plan Institucional de Archivos - PINAR. | F17: =LEN(B17) -> 61
B18: La entidad se encuentra elaborando el instrumento archivístico PINAR de acuerdo con los lineamientos y metodología establecida por el Archivo General de la Nación. | C18: BÁSICO | E18: =MID(B18,1,180) -> La entidad se encuentra elaborando el instrumento archivístico PINAR de acuerdo con los lineamientos y metodología establecida por el Archivo General de la Nación. | F18: =LEN(B18) -> 163
B19: La entidad implementa el Plan Institucional de Archivos - PINAR y orienta el desarrollo de los planes, programas y proyectos de la función archivística a corto, mediano y largo plazo, además se encuentra articulado al plan de acción de la entidad. | C19: INTERMEDIO | E19: =MID(B19,1,180) -> La entidad implementa el Plan Institucional de Archivos - PINAR y orienta el desarrollo de los planes, programas y proyectos de la función archivística a corto, mediano y largo pla | F19: =LEN(B19) -> 247
B20: La entidad realiza seguimiento y control al Plan Institucional de Archivos, a través de instrumentos de medición, para garantizar el cumplimiento de los planes y proyectos. | C20: AVANZADO 1 | E20: =MID(B20,1,180) -> La entidad realiza seguimiento y control al Plan Institucional de Archivos, a través de instrumentos de medición, para garantizar el cumplimiento de los planes y proyectos. | F20: =LEN(B20) -> 172
B21: La entidad realiza procesos de mejora continua al Plan Institucional de Archivos - PINAR, para generar recomendaciones sobre su desarrollo y actualización. | C21: AVANZADO 2 | E21: =MID(B21,1,180) -> La entidad realiza procesos de mejora continua al Plan Institucional de Archivos - PINAR, para generar recomendaciones sobre su desarrollo y actualización. | F21: =LEN(B21) -> 155
A22: Sistema Integrado de Conservación - SIC | B22: La entidad carece del Sistema Integrado de Conservación- SIC | C22: INICIAL | D22: 5 | E22: =MID(B22,1,180) -> La entidad carece del Sistema Integrado de Conservación- SIC | F22: =LEN(B22) -> 60
B23: la entidad elabora el sistema integrado de conservación -SIC, teniendo en cuenta los lineamientos dados por el Archivo General de la Nación. | C23: BÁSICO | E23: =MID(B23,1,180) -> la entidad elabora el sistema integrado de conservación -SIC, teniendo en cuenta los lineamientos dados por el Archivo General de la Nación. | F23: =LEN(B23) -> 140
B24: La entidad implementa el sistema integrado de conservación y en él se establecen los planes de conservación de documentos físicos y el plan de preservación digital. | C24: INTERMEDIO | E24: =MID(B24,1,180) -> La entidad implementa el sistema integrado de conservación y en él se establecen los planes de conservación de documentos físicos y el plan de preservación digital. | F24: =LEN(B24) -> 164
B25: La entidad realiza seguimiento y control al Sistema Integrado de Conservación, a través de sus instrumentos de evaluación. | C25: AVANZADO 1 | E25: =MID(B25,1,180) -> La entidad realiza seguimiento y control al Sistema Integrado de Conservación, a través de sus instrumentos de evaluación. | F25: =LEN(B25) -> 122
B26: la entidad realiza los procesos de mejora al sistema integrado de acuerdo con los hallazgos realizados durante el proceso de control y seguimiento. | C26: AVANZADO 2 | E26: =MID(B26,1,180) -> la entidad realiza los procesos de mejora al sistema integrado de acuerdo con los hallazgos realizados durante el proceso de control y seguimiento. | F26: =LEN(B26) -> 147
A27: Plan de análisis de procesos y procedimientos de la producción documental | B27: La entidad carece de un plan de análisis de procesos y procedimientos de la producción documental. | C27: INICIAL | D27: 6 | E27: =MID(B27,1,180) -> La entidad carece de un plan de análisis de procesos y procedimientos de la producción documental. | F27: =LEN(B27) -> 98
B28: La entidad a través de la oficina de planeación está desarrollando el análisis a los procesos y procedimientos de la producción documental, para identificar y eliminar duplicidad de funciones y barreras que impidan la oportuna, eficiente y eficaz prestación del servicio en la gestión de la entidad. | C28: BÁSICO | E28: =MID(B28,1,180) -> La entidad a través de la oficina de planeación está desarrollando el análisis a los procesos y procedimientos de la producción documental, para identificar y eliminar duplicidad d | F28: =LEN(B28) -> 299
B29: La entidad genera estrategias para dar a conocer los procesos y procedimientos de la producción documental, para hacerlos más ágiles y oportunos. | C29: INTERMEDIO | E29: =MID(B29,1,180) -> La entidad genera estrategias para dar a conocer los procesos y procedimientos de la producción documental, para hacerlos más ágiles y oportunos. | F29: =LEN(B29) -> 145
B30: La entidad realiza seguimiento y control a los procesos y procedimientos de la producción documental con el fin de medir el avance de su implementación. | C30: AVANZADO 1 | E30: =MID(B30,1,180) -> La entidad realiza seguimiento y control a los procesos y procedimientos de la producción documental con el fin de medir el avance de su implementación. | F30: =LEN(B30) -> 152
B31: La entidad realiza procesos de mejora continua a los procesos y procedimientos de la producción documental, con el fin de generar mecanismos de actualización. | C31: AVANZADO 2 | E31: =MID(B31,1,180) -> La entidad realiza procesos de mejora continua a los procesos y procedimientos de la producción documental, con el fin de generar mecanismos de actualización. | F31: =LEN(B31) -> 158
A32: Matriz de Riesgos en Gestión Documental | B32: La entidad carece de una matriz de riesgos en gestión documental. | C32: INICIAL | D32: 7 | E32: =MID(B32,1,180) -> La entidad carece de una matriz de riesgos en gestión documental. | F32: =LEN(B32) -> 65
B33: La entidad está desarrollando y articula la matriz de riegos en gestión documental, con la dependencia responsable de su gestión. | C33: BÁSICO | E33: =MID(B33,1,180) -> La entidad está desarrollando y articula la matriz de riegos en gestión documental, con la dependencia responsable de su gestión. | F33: =LEN(B33) -> 129
B34: La entidad implementa la matriz de riesgo en gestión documental, para mejorar el control de riesgos y la seguridad de la información. | C34: INTERMEDIO | E34: =MID(B34,1,180) -> La entidad implementa la matriz de riesgo en gestión documental, para mejorar el control de riesgos y la seguridad de la información. | F34: =LEN(B34) -> 133
B35: La entidad realiza seguimiento y control a la matriz de riesgos en gestión documental. | C35: AVANZADO 1 | E35: =MID(B35,1,180) -> La entidad realiza seguimiento y control a la matriz de riesgos en gestión documental. | F35: =LEN(B35) -> 86
B36: La entidad realiza procesos de mejora continua a la matriz de riesgos en gestión documental, con el fin de garantizar su eficacia y efectividad. | C36: AVANZADO 2 | E36: =MID(B36,1,180) -> La entidad realiza procesos de mejora continua a la matriz de riesgos en gestión documental, con el fin de garantizar su eficacia y efectividad. | F36: =LEN(B36) -> 144
A37: Articulación de la Gestión Documental con el Plan Estratégico Institucional | B37: La entidad carece de lineamientos para la articulación de la gestión documental con el plan estratégico institucional. | C37: INICIAL | D37: 8 | E37: =MID(B37,1,180) -> La entidad carece de lineamientos para la articulación de la gestión documental con el plan estratégico institucional. | F37: =LEN(B37) -> 118
B38: La entidad está desarrollando estrategias y planes para lograr la articulación de la gestión documental con el plan estratégico institucional. | C38: BÁSICO | E38: =MID(B38,1,180) -> La entidad está desarrollando estrategias y planes para lograr la articulación de la gestión documental con el plan estratégico institucional. | F38: =LEN(B38) -> 142
B39: La entidad articula la gestión documental al plan estratégico institucional. | C39: INTERMEDIO | E39: =MID(B39,1,180) -> La entidad articula la gestión documental al plan estratégico institucional. | F39: =LEN(B39) -> 76
B40: La entidad realiza seguimiento y control a la implementación de los lineamientos de la función archivística en los planes y estrategias de la institución. | C40: AVANZADO 1 | E40: =MID(B40,1,180) -> La entidad realiza seguimiento y control a la implementación de los lineamientos de la función archivística en los planes y estrategias de la institución. | F40: =LEN(B40) -> 155
B41: La entidad realiza procesos de mejora continua a las estrategias y planes de la institución para garantizar que la gestión documental se encuentra articulada y garantizar su desarrollo en la institución. | C41: AVANZADO 2 | E41: =MID(B41,1,180) -> La entidad realiza procesos de mejora continua a las estrategias y planes de la institución para garantizar que la gestión documental se encuentra articulada y garantizar su desarr | F41: =LEN(B41) -> 203
A42: Articulación de la Gestión Documental con Políticas del Modelo Integrado de Planeación y Gestión - MIPG | B42: La entidad carece de la articulación de la política de gestión documental con las políticas de MIPG. | C42: INICIAL | D42: 9 | E42: =MID(B42,1,180) -> La entidad carece de la articulación de la política de gestión documental con las políticas de MIPG. | F42: =LEN(B42) -> 100
B43: La entidad está desarrollando la articulación de la política de gestión documental, con el apoyo del autodiagnóstico de MIPG. | C43: BÁSICO | E43: =MID(B43,1,180) -> La entidad está desarrollando la articulación de la política de gestión documental, con el apoyo del autodiagnóstico de MIPG. | F43: =LEN(B43) -> 125
B44: La entidad articula la política de gestión documental definida por la alta dirección en el MIPG, con otras políticas y dimensiones del modelo. | C44: INTERMEDIO | E44: =MID(B44,1,180) -> La entidad articula la política de gestión documental definida por la alta dirección en el MIPG, con otras políticas y dimensiones del modelo. | F44: =LEN(B44) -> 142
B45: La entidad realiza seguimiento y control a la articulación de la política de gestión documental, teniendo en cuenta los planes y programas de las políticas que incluye MIPG. | C45: AVANZADO 1 | E45: =MID(B45,1,180) -> La entidad realiza seguimiento y control a la articulación de la política de gestión documental, teniendo en cuenta los planes y programas de las políticas que incluye MIPG. | F45: =LEN(B45) -> 173
B46: La entidad realiza medidas de acción encaminadas a la mejora continua para alcanzar la excelencia, en la correcta articulación de la gestión documental con el MIPG. | C46: AVANZADO 2 | E46: =MID(B46,1,180) -> La entidad realiza medidas de acción encaminadas a la mejora continua para alcanzar la excelencia, en la correcta articulación de la gestión documental con el MIPG. | F46: =LEN(B46) -> 165
A47: Indicadores de Gestión | B47: La entidad carece indicadores de gestión. | C47: INICIAL | E47: =MID(B47,1,180) -> La entidad carece indicadores de gestión. | F47: =LEN(B47) -> 41
B48: La entidad está elaborando los indicadores de gestión para observar el grado de avance de los planes y proyectos, que se establecieron en el PINAR. | C48: BÁSICO | D48: 10 | E48: =MID(B48,1,180) -> La entidad está elaborando los indicadores de gestión para observar el grado de avance de los planes y proyectos, que se establecieron en el PINAR. | F48: =LEN(B48) -> 147
B49: La entidad aplica los indicadores de gestión con el propósito de garantizar el cumplimiento de los planes y proyectos establecidos en el PINAR. | C49: INTERMEDIO | E49: =MID(B49,1,180) -> La entidad aplica los indicadores de gestión con el propósito de garantizar el cumplimiento de los planes y proyectos establecidos en el PINAR. | F49: =LEN(B49) -> 143
B50: La entidad realiza seguimiento y control a los planes de mejoramiento a través del instrumento de medición, con el fin de garantizar el cumplimiento y desarrollo de los planes y proyectos propuestos en el PINAR. | C50: AVANZADO 1 | E50: =MID(B50,1,180) -> La entidad realiza seguimiento y control a los planes de mejoramiento a través del instrumento de medición, con el fin de garantizar el cumplimiento y desarrollo de los planes y pr | F50: =LEN(B50) -> 211
B51: La entidad realiza procesos de mejora continua al cumplimiento de los planes y proyectos establecidos en el PINAR. | C51: AVANZADO 2 | E51: =MID(B51,1,180) -> La entidad realiza procesos de mejora continua al cumplimiento de los planes y proyectos establecidos en el PINAR. | F51: =LEN(B51) -> 114
A52: Informes de Gestión | B52: La entidad carece de controles para el desarrollo de la función archivística. | C52: INICIAL | D52: 11 | E52: =MID(B52,1,180) -> La entidad carece de controles para el desarrollo de la función archivística. | F52: =LEN(B52) -> 77
B53: La entidad desarrolla estrategias para que se elaboren los informes de gestión frente al cumplimiento de los indicares de gestión que se plantearon para el cumplimiento de actividades de la función archivística. | C53: BÁSICO | E53: =MID(B53,1,180) -> La entidad desarrolla estrategias para que se elaboren los informes de gestión frente al cumplimiento de los indicares de gestión que se plantearon para el cumplimiento de activida | F53: =LEN(B53) -> 211
B54: La entidad a través de la oficina de planeación, o quien haga sus veces, recepciona los informes de gestión del avance a las actividades de la función archivística. | C54: INTERMEDIO | E54: =MID(B54,1,180) -> La entidad a través de la oficina de planeación, o quien haga sus veces, recepciona los informes de gestión del avance a las actividades de la función archivística. | F54: =LEN(B54) -> 164
B55: La entidad a través de la oficina de planeación o quien haga sus veces realiza seguimiento y control a los informes de gestión para verificar el estado actual del desarrollo de las actividades de la función archivística. | C55: AVANZADO 1 | E55: =MID(B55,1,180) -> La entidad a través de la oficina de planeación o quien haga sus veces realiza seguimiento y control a los informes de gestión para verificar el estado actual del desarrollo de las | F55: =LEN(B55) -> 220
B56: La entidad a través de los informes de gestión genera procesos de mejora continua al desarrollo de la función archivística. | C56: AVANZADO 2 | E56: =MID(B56,1,180) -> La entidad a través de los informes de gestión genera procesos de mejora continua al desarrollo de la función archivística. | F56: =LEN(B56) -> 123
A57: Programa de Auditoría y Control | B57: La entidad carece de programas de auditoría y control. | C57: INICIAL | D57: 12 | E57: =MID(B57,1,180) -> La entidad carece de programas de auditoría y control. | F57: =LEN(B57) -> 54
B58: La entidad se encuentra elaborando el programa de auditoría y control. | C58: BÁSICO | E58: =MID(B58,1,180) -> La entidad se encuentra elaborando el programa de auditoría y control. | F58: =LEN(B58) -> 70
B59: La entidad implementa el programa de auditoría y control e incluye la función archivística y los procesos de la gestión documental. | C59: INTERMEDIO | E59: =MID(B59,1,180) -> La entidad implementa el programa de auditoría y control e incluye la función archivística y los procesos de la gestión documental. | F59: =LEN(B59) -> 131
B60: La entidad realiza seguimiento y control a la función archivística a través del Programa de auditoría y control, con el fin de garantizar el cumplimiento y desarrollo de los planes y proyectos propuestos en el PINAR y PGD. | C60: AVANZADO 1 | E60: =MID(B60,1,180) -> La entidad realiza seguimiento y control a la función archivística a través del Programa de auditoría y control, con el fin de garantizar el cumplimiento y desarrollo de los planes | F60: =LEN(B60) -> 222
B61: La entidad realiza procesos de mejora continua, como resultado de las observaciones y hallazgos encontrados a los procesos de la gestión documental y la función archivística. | C61: AVANZADO 2 | E61: =MID(B61,1,180) -> La entidad realiza procesos de mejora continua, como resultado de las observaciones y hallazgos encontrados a los procesos de la gestión documental y la función archivística. | F61: =LEN(B61) -> 174
A62: Planeación de la Administración | B62: La entidad carece de estrategias para la administración de los archivos. | C62: INICIAL | D62: 13 | E62: =MID(B62,1,180) -> La entidad carece de estrategias para la administración de los archivos. | F62: =LEN(B62) -> 72
B63: La entidad se encuentra desarrollando estrategias que garanticen la administración, la regulación normativa, la adecuación de instalaciones, la conformación y estructura del equipo de trabajo y los modelos de capacitaciones al interior de la entidad. | C63: BÁSICO | E63: =MID(B63,1,180) -> La entidad se encuentra desarrollando estrategias que garanticen la administración, la regulación normativa, la adecuación de instalaciones, la conformación y estructura del equipo | F63: =LEN(B63) -> 250
B64: La entidad implementa las estrategias para la administración de archivos definida en su plan de archivos, logrando objetivos y metas en menor tiempo (evalúa, flexibilidad, coordinación, continuidad, proactividad dominio conceptual del grupo de trabajo). | C64: INTERMEDIO | E64: =MID(B64,1,180) -> La entidad implementa las estrategias para la administración de archivos definida en su plan de archivos, logrando objetivos y metas en menor tiempo (evalúa, flexibilidad, coordina | F64: =LEN(B64) -> 253
B65: La entidad realiza seguimiento y control a la implementación de las estrategias gerenciales para la administración de los fondos documentales y adelanta cambios estratégicos. | C65: AVANZADO 1 | E65: =MID(B65,1,180) -> La entidad realiza seguimiento y control a la implementación de las estrategias gerenciales para la administración de los fondos documentales y adelanta cambios estratégicos. | F65: =LEN(B65) -> 174
B66: La entidad desarrolla estrategias de innovación, empoderamiento, autogestión, con el fin de cumplir me manera más eficaz la política archivística y administración de los fondos documentales. | C66: AVANZADO 2 | E66: =MID(B66,1,180) -> La entidad desarrolla estrategias de innovación, empoderamiento, autogestión, con el fin de cumplir me manera más eficaz la política archivística y administración de los fondos doc | F66: =LEN(B66) -> 190
A67: Infraestructura Locativa | B67: La entidad carece de una infraestructura locativa adecuada para la custodia de sus archivos. | C67: INICIAL | D67: 14 | E67: =MID(B67,1,180) -> La entidad carece de una infraestructura locativa adecuada para la custodia de sus archivos. | F67: =LEN(B67) -> 92
B68: La entidad está desarrollando acciones para la adecuación de las instalaciones o espacios destinados para custodia de documentos en sus diferentes formatos, en concordancia con la normatividad existente. | C68: BÁSICO | E68: =MID(B68,1,180) -> La entidad está desarrollando acciones para la adecuación de las instalaciones o espacios destinados para custodia de documentos en sus diferentes formatos, en concordancia con la | F68: =LEN(B68) -> 203
B69: La entidad adecua la infraestructura física, para asegurar la conservación y preservación de sus archivos. | C69: INTERMEDIO | E69: =MID(B69,1,180) -> La entidad adecua la infraestructura física, para asegurar la conservación y preservación de sus archivos. | F69: =LEN(B69) -> 106
B70: La entidad realiza seguimiento y control a la adecuación de la infraestructura, con el fin de cumplir con las especificaciones técnicas y normativas. | C70: AVANZADO 1 | E70: =MID(B70,1,180) -> La entidad realiza seguimiento y control a la adecuación de la infraestructura, con el fin de cumplir con las especificaciones técnicas y normativas. | F70: =LEN(B70) -> 149
B71: La entidad conforme a las mediciones y monitoreo aplicado adelanta acciones de mejora e innova con el fin de garantizar la adecuada conservación y preservación del fondo documental. | C71: AVANZADO 2 | E71: =MID(B71,1,180) -> La entidad conforme a las mediciones y monitoreo aplicado adelanta acciones de mejora e innova con el fin de garantizar la adecuada conservación y preservación del fondo documental | F71: =LEN(B71) -> 181
A72: Gestión Humana | B72: La entidad carece de personal idóneo para cumplir las actividades de la función archivística y administración de archivos. | C72: INICIAL | D72: 15 | E72: =MID(B72,1,180) -> La entidad carece de personal idóneo para cumplir las actividades de la función archivística y administración de archivos. | F72: =LEN(B72) -> 122
B73: La entidad está desarrollando estrategias para definir perfiles y competencias laborales para el personal relacionado con el cumplimiento de la función archivística y administración de archivos. | C73: BÁSICO | E73: =MID(B73,1,180) -> La entidad está desarrollando estrategias para definir perfiles y competencias laborales para el personal relacionado con el cumplimiento de la función archivística y administració | F73: =LEN(B73) -> 194
B74: La entidad cuenta con personal idóneo, que facilita la implementación de la política archivística y la aplicación de los instrumentos archivísticos. | C74: INTERMEDIO | E74: =MID(B74,1,180) -> La entidad cuenta con personal idóneo, que facilita la implementación de la política archivística y la aplicación de los instrumentos archivísticos. | F74: =LEN(B74) -> 148
B75: La entidad realiza seguimiento y control al personal que se encuentra desarrollando las actividades de la función archivística y administración de archivos, que conllevan al mejorando del ambiente organizacional, la confianza y colaboración para el fortalecimiento profesional. | C75: AVANZADO 1 | E75: =MID(B75,1,180) -> La entidad realiza seguimiento y control al personal que se encuentra desarrollando las actividades de la función archivística y administración de archivos, que conllevan al mejora | F75: =LEN(B75) -> 277
B76: La entidad realiza acciones de mejoramiento continuo para promover el liderazgo, trabajo en equipo y autonomía que permitan el fortalecimiento de sus capacidades competitivas. | C76: AVANZADO 2 | E76: =MID(B76,1,180) -> La entidad realiza acciones de mejoramiento continuo para promover el liderazgo, trabajo en equipo y autonomía que permitan el fortalecimiento de sus capacidades competitivas. | F76: =LEN(B76) -> 175
A77: Capacitación en Gestión Documental | B77: La entidad carece de la inclusión de temas de gestión documental en el Plan Institucional de Capacitación-PIC. | C77: INICIAL | D77: 16 | E77: =MID(B77,1,180) -> La entidad carece de la inclusión de temas de gestión documental en el Plan Institucional de Capacitación-PIC. | F77: =LEN(B77) -> 110
B78: La entidad articula con el Plan Institucional de Capacitación los temas priorizados por el área de gestión documental o quien haga sus veces. | C78: BÁSICO | E78: =MID(B78,1,180) -> La entidad articula con el Plan Institucional de Capacitación los temas priorizados por el área de gestión documental o quien haga sus veces. | F78: =LEN(B78) -> 141
B79: La entidad implementa el plan de capacitación con los temas propuestos por el área de gestión documental o quien haga sus veces, que facilitan el cumplimiento de la función archivística. | C79: INTERMEDIO | E79: =MID(B79,1,180) -> La entidad implementa el plan de capacitación con los temas propuestos por el área de gestión documental o quien haga sus veces, que facilitan el cumplimiento de la función archiví | F79: =LEN(B79) -> 186
B80: La entidad realiza seguimiento y control al PIC, para garantizar el cumplimiento y difusión de los contenidos de la función archivística. | C80: AVANZADO 1 | E80: =MID(B80,1,180) -> La entidad realiza seguimiento y control al PIC, para garantizar el cumplimiento y difusión de los contenidos de la función archivística. | F80: =LEN(B80) -> 137
B81: La entidad realiza procesos de mejora continua al PIC, para proponer y generar procesos de innovación la alta dirección ve el proceso de gestión documental a los contenidos del plan. | C81: AVANZADO 2 | E81: =MID(B81,1,180) -> La entidad realiza procesos de mejora continua al PIC, para proponer y generar procesos de innovación la alta dirección ve el proceso de gestión documental a los contenidos del pla | F81: =LEN(B81) -> 182
A82: Aseguramiento de las Condiciones de Trabajo | B82: La entidad carece de lineamientos para el aseguramiento de las condiciones de trabajo para el área de Gestión Documental. | C82: INICIAL | D82: 17 | E82: =MID(B82,1,180) -> La entidad carece de lineamientos para el aseguramiento de las condiciones de trabajo para el área de Gestión Documental. | F82: =LEN(B82) -> 121
B83: La entidad desarrolla n protocolo de identificación de los riesgos laborales acordes con las diferentes actividades ejecutadas en el área de archivo teniendo en cuenta aspectos como bioseguridad y trabajo de fuerza y se articula con Plan de Trabajo Anual en Seguridad y Salud en el Trabajo | C83: BÁSICO | E83: =MID(B83,1,180) -> La entidad desarrolla n protocolo de identificación de los riesgos laborales acordes con las diferentes actividades ejecutadas en el área de archivo teniendo en cuenta aspectos com | F83: =LEN(B83) -> 289
B84: La entidad implementa su sistema de gestión y seguridad en el trabajo donde se garantizan todas las condiciones laborables necesarias para los responsables de la Gestión Documental y las condiciones de infraestructura asociada | C84: INTERMEDIO | E84: =MID(B84,1,180) -> La entidad implementa su sistema de gestión y seguridad en el trabajo donde se garantizan todas las condiciones laborables necesarias para los responsables de la Gestión Documental | F84: =LEN(B84) -> 226
B85: La entidad realiza seguimiento y control a su sistema de Gestión y seguridad en el trabajo donde se verifican las condiciones establecidas para los encargados de la Gestión Documental | C85: AVANZADO 1 | E85: =MID(B85,1,180) -> La entidad realiza seguimiento y control a su sistema de Gestión y seguridad en el trabajo donde se verifican las condiciones establecidas para los encargados de la Gestión Documen | F85: =LEN(B85) -> 183
B86: La entidad realiza los ajustes y las acciones de mejora a su sistema de seguridad teniendo en cuenta la normatividad que se vaya generando sobre el tema y de acuerdo con los hallazgos detectados durante su seguimiento a los responsables de la gestión documental. | C86: AVANZADO 2 | E86: =MID(B86,1,180) -> La entidad realiza los ajustes y las acciones de mejora a su sistema de seguridad teniendo en cuenta la normatividad que se vaya generando sobre el tema y de acuerdo con los hallaz | F86: =LEN(B86) -> 262
A87: Diseño y Creación de Documentos | B87: La entidad carece de procedimientos para el diseño y creación de documentos en atención a los requisitos legales, funcionales propios y la incorporación de aspectos de autenticidad e identificación acorde a los instrumentos archivísticos y de transparencia. | C87: INICIAL | D87: 18 | E87: =MID(B87,1,180) -> La entidad carece de procedimientos para el diseño y creación de documentos en atención a los requisitos legales, funcionales propios y la incorporación de aspectos de autenticidad | F87: =LEN(B87) -> 257
B88: La entidad se encuentra desarrollando los criterios o aspectos previstos en el proceso de planeación del Programa de Gestión Documental, observa el mapa de procesos y flujos documentales para la posterior producción de los documentos en sus diferentes medios. | C88: BÁSICO | E88: =MID(B88,1,180) -> La entidad se encuentra desarrollando los criterios o aspectos previstos en el proceso de planeación del Programa de Gestión Documental, observa el mapa de procesos y flujos docume | F88: =LEN(B88) -> 259
B89: La entidad implementa lineamientos previstos en el Programa de Gestión Documental, entendidos como la integración de los instrumentos CCD, TRD, para la identificación de las áreas competentes, el SIC para vincular las acciones de conservación y preservación digital. Las Tablas de control de acceso e índice de información clasificada y reservada para garantizar aspectos de reserva y clasificación en su acceso y consulta. Finalmente, a partir del ingreso de los metadatos propiciar su interacción con el SGDEA. | C89: INTERMEDIO | E89: =MID(B89,1,180) -> La entidad implementa lineamientos previstos en el Programa de Gestión Documental, entendidos como la integración de los instrumentos CCD, TRD, para la identificación de las áreas | F89: =LEN(B89) -> 512
B90: La entidad realiza seguimiento y control a los lineamientos para el diseño y creación de documentos con el fin de validar la aplicación por parte de las dependencias, así mismo, observar que los documentos que vayan a ser producidos se encuentren acordes con los requisitos mínimos legales, funcionales y administrativos. | C90: AVANZADO 1 | E90: =MID(B90,1,180) -> La entidad realiza seguimiento y control a los lineamientos para el diseño y creación de documentos con el fin de validar la aplicación por parte de las dependencias, así mismo, ob | F90: =LEN(B90) -> 321
B91: La entidad realiza procesos de mejora continua a los lineamientos para el diseño y creación de documentos a partir de las validaciones en las dependencias, incorporando ajustes en los casos necesarios bajo la garantía del cumplimiento del contexto administrativo, legal, funcional y técnico y en especial, para la optimización de la gestión de la información y la documentación | C91: AVANZADO 2 | E91: =MID(B91,1,180) -> La entidad realiza procesos de mejora continua a los lineamientos para el diseño y creación de documentos a partir de las validaciones en las dependencias, incorporando ajustes en | F91: =LEN(B91) -> 377
A92: Documentos Especiales | B92: La entidad carece de medidas que orienten la producción de los documentos en medios especiales, garantizando aspectos legales, funcionales y administrativos, así como acciones particulares para su conservación o preservación de acuerdo con el medio empleado. | C92: INICIAL | D92: 19 | E92: =MID(B92,1,180) -> La entidad carece de medidas que orienten la producción de los documentos en medios especiales, garantizando aspectos legales, funcionales y administrativos, así como acciones part | F92: =LEN(B92) -> 258
B93: La entidad define en articulación con los instrumentos archivísticos, los medios habilitados para la producción de documentos especiales, garantizando aspectos legales, funcionales y administrativos, así como acciones particulares para su conservación o preservación. | C93: BÁSICO | E93: =MID(B93,1,180) -> La entidad define en articulación con los instrumentos archivísticos, los medios habilitados para la producción de documentos especiales, garantizando aspectos legales, funcionales | F93: =LEN(B93) -> 267
B94: la entidad implementa la identificación de soportes documentales especiales mediante la TRD, TVD e inventarios documentales | C94: INTERMEDIO | E94: =MID(B94,1,180) -> la entidad implementa la identificación de soportes documentales especiales mediante la TRD, TVD e inventarios documentales | F94: =LEN(B94) -> 123
B95: La entidad realiza seguimiento y control a sus documentos especiales y realiza procesos de descripción de acuerdo con normas internacionales y los reproduce en nuevas tecnologías | C95: AVANZADO 1 | E95: =MID(B95,1,180) -> La entidad realiza seguimiento y control a sus documentos especiales y realiza procesos de descripción de acuerdo con normas internacionales y los reproduce en nuevas tecnologías | F95: =LEN(B95) -> 178
B96: La entidad realiza procesos de mejora continua a sus procesos de identificación, producción de documentos especiales y descripción, con el fin de generar mecanismos de tratamiento específico para su conservación. | C96: AVANZADO 2 | E96: =MID(B96,1,180) -> La entidad realiza procesos de mejora continua a sus procesos de identificación, producción de documentos especiales y descripción, con el fin de generar mecanismos de tratamiento | F96: =LEN(B96) -> 212
A97: Cuadro de Clasificación Documental | B97: La entidad carece del Cuadro de Clasificación Documental. | C97: INICIAL | D97: 20 | E97: =MID(B97,1,180) -> La entidad carece del Cuadro de Clasificación Documental. | F97: =LEN(B97) -> 57
B98: La entidad se encuentra elaborando el Cuadro de Clasificación Documental - CCD, de acuerdo con los lineamientos establecidos por el Archivo General de la Nación. | C98: BÁSICO | E98: =MID(B98,1,180) -> La entidad se encuentra elaborando el Cuadro de Clasificación Documental - CCD, de acuerdo con los lineamientos establecidos por el Archivo General de la Nación. | F98: =LEN(B98) -> 161
B99: La entidad implementa el Cuadro de Clasificación Documental - CCD, teniendo en cuenta el esquema orgánico funcional, que refleja las secciones, subsecciones, series y subseries documentales; basadas en las funciones, actividades, procesos, procedimientos. | C99: INTERMEDIO | E99: =MID(B99,1,180) -> La entidad implementa el Cuadro de Clasificación Documental - CCD, teniendo en cuenta el esquema orgánico funcional, que refleja las secciones, subsecciones, series y subseries doc | F99: =LEN(B99) -> 255
B100: La entidad realiza seguimiento y control al Cuadro de Clasificación Documental - CCD, de acuerdo con los instrumentos de medición establecidos por la entidad y conforme a lo establecido en el marco normativo. | C100: AVANZADO 1 | E100: =MID(B100,1,180) -> La entidad realiza seguimiento y control al Cuadro de Clasificación Documental - CCD, de acuerdo con los instrumentos de medición establecidos por la entidad y conforme a lo establ | F100: =LEN(B100) -> 208
...

Sheet PARAMETROS
B1: NIVELES DE MADUREZ MGDA
A4: SIGNIFICADO | B4: DEFINICIÓN | E4: PONDERACIÓN ASIGNADA
A5: Inicial | B5: Entidad carece del producto | E5: 0
A6: Básico | B6: La entidad está desarrollando el producto teniendo cuenta las necesidades de orden administrativo, legal, funcional y tecnológico | E6: <= 65
A7: Intermedio | B7: La entidad implementa el producto teniendo cuenta las necesidades de orden administrativo, legal, funcional y tecnológico | E7: >=66 y <=79
A8: Avanzado 1 | B8: La evidencia observada cumple a cabalidad con el ítem, evaluado, es decir que el desarrollo de las actividades programadas se ejecuta conforme a lo planeado, con la debida oportunidad, efectividad y cuenta con las evidencias documentales que lo soportan | E8: >=80 y <=94
A9: Avanzado 2 | B9: La entidad realiza procesos de mejora continua a los productos teniendo en cuenta las necesidades e orden administrativo, legal, funcional y tecnológico | E9: >=95 y <=100
C13: 0
A14: SIGNIFICADO | B14: DEFINICIÓN | E14: PONDERACIÓN ASIGNADA
A15: INICIAL | B15: Entidad carece del producto | E15: 0
A16: BÁSICO | B16: La entidad está desarrollando el producto teniendo cuenta las necesidades de orden administrativo, legal, funcional y tecnológico | E16: 65
A17: Intermedio | B17: La entidad implementa el producto teniendo cuenta las necesidades de orden administrativo, legal, funcional y tecnológico | E17: 79
A18: Avanzado 1 | B18: La evidencia observada cumple a cabalidad con el ítem, evaluado, es decir que el desarrollo de las actividades programadas se ejecuta conforme a lo planeado, con la debida oportunidad, efectividad y cuenta con las evidencias documentales que lo soportan | E18: 94
A19: Avanzado 2 | B19: La entidad realiza procesos de mejora continua a los productos teniendo en cuenta las necesidades e orden administrativo, legal, funcional y tecnológico | E19: 100

Sheet MGDA reporte I-2026
C3: AUTODIAGNÓSTICO POLÍTICA DE GESTIÓN DOCUMENTAL
C6: ENTIDAD | J6: CALIFICACIÓN TOTAL | L6: NIVEL DE MADUREZ | N6: JUSTIFICACIÓN
C7: Ministerio de Justica y del Derecho | J7: =AVERAGE(N12:N65) -> 87.081366 | L7: =IF(J7="","",IF(AND(J7=0),"Inicial",IF(AND(J7>0,J7<=65),"Básico",IF(AND(J7>=66,J7<=79),"Intermedio",IF(AND(J7>=80,J7<=94),"Avanzado 1",IF(AND(J7>=95,J7<=100),"Avanzado 2","")))))) -> Avanzado 1 | N7: =VLOOKUP(L7,PARAMETROS!A4:E9,2,FALSE) -> La evidencia observada cumple a cabalidad con el ítem, evaluado, es decir que el desarrollo de las actividades programadas se ejecuta conforme a lo planeado, con la debida oportunidad, efectividad y cuenta con las evidencias documentales que lo soportan
C11: COMPONENTES | D11: CALIFICACIÓN | E11: Peso | F11: CATEGORÍAS | G11: CALIFICACIÓN | H11: Peso | I11: SUBCOMPONENTE | J11: PRODUCTO | K11: ACTIVIDADES DE GESTIÓN | L11: NIVEL | N11: CALIFICACIÓN PROMEDIO | O11: OBSERVACIONES
C12: Gestión Documental | E12: 0.3 | F12: ESTRATÉGICO | G12: =(+(L12*15)+(#REF!*10)+(L13*15)+(L14*20)+(L45*20)+(#REF!*20))/100 -> #VALUE! | H12: La Entidad cuenta con una Política de Gestión Documental | I12: Planeación de la funcion archivística | J12: Diagnóstico de archivos | K12: La entidad realiza procesos de mejora continua al diagnóstico de archivos que generen mecanismos de actualización acorde con los cambios administrativos, normativos y tecnológicos. | L12: =IF(K12="","",INDEX(Niveles,MATCH(MID('MGDA reporte I-2026'!K12,1,180),Listas!$E$2:$E$271,0),1)) -> AVANZADO 2 | M12: =IFERROR(INDEX(PARAMETROS!$E$15:$E$19,MATCH(L12,PARAMETROS!$A$15:$A$19,0),1), "") -> 100 | N12: =IFERROR(AVERAGE(M12:M18),"") -> 97.428571 | O12: Se mantiene en el mismo nivel
H13: Elaboración y utilización del Diagnóstico Integral de Archivos | J13: Política de Gestión Documental | K13: La entidad realiza seguimiento y control a la Política de Gestión Documental de acuerdo con las herramientas de medición y evaluación previstas por la alta dirección, en articulación con otras políticas para la gestión integral de la información y la documentación. | L13: =IF(K13="","",INDEX(Niveles,MATCH(MID('MGDA reporte I-2026'!K13,1,180),Listas!$E$2:$E$271,0),1)) -> AVANZADO 1 | M13: =IFERROR(INDEX(PARAMETROS!$E$15:$E$19,MATCH(L13,PARAMETROS!$A$15:$A$19,0),1), "") -> 94 | O13: Se mantiene en el mismo nivel
H14: Frente al proceso de la planeación de la función archivística, elaboración y aprobación en instancias del Comité Institucional de Desarrollo Administrativo, del Plan institucional de archivos - PINAR e inclusión de actividades de gestión documental en planeación de la entidad. | J14: Programa de Gestión Documental - PGD. | K14: La entidad realiza mejora continua al Programa de Gestión Documental, cuyo propósito es mantener los procesos y actividades de la gestión documental en continua innovación, desarrollo y actualización. | L14: =IF(K14="","",INDEX(Niveles,MATCH(MID('MGDA reporte I-2026'!K14,1,180),Listas!$E$2:$E$271,0),1)) -> AVANZADO 2 | M14: =IFERROR(INDEX(PARAMETROS!$E$15:$E$19,MATCH(L14,PARAMETROS!$A$15:$A$19,0),1), "") -> 100 | O14: Se mantiene en el mismo nivel
J15: Plan Institucional de Archivos - PINAR | K15: La entidad realiza procesos de mejora continua al Plan Institucional de Archivos - PINAR, para generar recomendaciones sobre su desarrollo y actualización. | L15: =IF(K15="","",INDEX(Niveles,MATCH(MID('MGDA reporte I-2026'!K15,1,180),Listas!$E$2:$E$271,0),1)) -> AVANZADO 2 | M15: =IFERROR(INDEX(PARAMETROS!$E$15:$E$19,MATCH(L15,PARAMETROS!$A$15:$A$19,0),1), "") -> 100 | O15: Se mantiene en el mismo nivel
J16: Sistema Integrado de Conservación - SIC | K16: la entidad realiza los procesos de mejora al sistema integrado de acuerdo con los hallazgos realizados durante el proceso de control y seguimiento. | L16: =IF(K16="","",INDEX(Niveles,MATCH(MID('MGDA reporte I-2026'!K16,1,180),Listas!$E$2:$E$271,0),1)) -> AVANZADO 2 | M16: =IFERROR(INDEX(PARAMETROS!$E$15:$E$19,MATCH(L16,PARAMETROS!$A$15:$A$19,0),1), "") -> 100 | O16: Se mantiene en el mismo nivel
J17: Plan de análisis de procesos y procedimientos de la producción documental | K17: La entidad realiza seguimiento y control a los procesos y procedimientos de la producción documental con el fin de medir el avance de su implementación. | L17: =IF(K17="","",INDEX(Niveles,MATCH(MID('MGDA reporte I-2026'!K17,1,180),Listas!$E$2:$E$271,0),1)) -> AVANZADO 1 | M17: =IFERROR(INDEX(PARAMETROS!$E$15:$E$19,MATCH(L17,PARAMETROS!$A$15:$A$19,0),1), "") -> 94 | O17: Se mantiene en el mismo nivel
J18: Matriz de Riesgos en Gestión Documental | K18: La entidad realiza seguimiento y control a la matriz de riesgos en gestión documental. | L18: =IF(K18="","",INDEX(Niveles,MATCH(MID('MGDA reporte I-2026'!K18,1,180),Listas!$E$2:$E$271,0),1)) -> AVANZADO 1 | M18: =IFERROR(INDEX(PARAMETROS!$E$15:$E$19,MATCH(L18,PARAMETROS!$A$15:$A$19,0),1), "") -> 94 | O18: Se mantiene en el mismo nivel
I19: Planeación estratégica | J19: Articulación de la Gestión Documental con el Plan Estratégico Institucional | K19: La entidad realiza procesos de mejora continua a las estrategias y planes de la institución para garantizar que la gestión documental se encuentra articulada y garantizar su desarrollo en la institución. | L19: =IF(K19="","",INDEX(Niveles,MATCH(MID('MGDA reporte I-2026'!K19,1,180),Listas!$E$2:$E$271,0),1)) -> AVANZADO 2 | M19: =IFERROR(INDEX(PARAMETROS!$E$15:$E$19,MATCH(L19,PARAMETROS!$A$15:$A$19,0),1), "") -> 100 | N19: =IFERROR(AVERAGE(M19:M20),"") -> 100 | O19: Se mantiene en el mismo nivel
J20: Articulación de la Gestión Documental con Políticas del Modelo Integrado de Planeación y Gestión - MIPG | K20: La entidad realiza medidas de acción encaminadas a la mejora continua para alcanzar la excelencia, en la correcta articulación de la gestión documental con el MIPG. | L20: =IF(K20="","",INDEX(Niveles,MATCH(MID('MGDA reporte I-2026'!K20,1,180),Listas!$E$2:$E$271,0),1)) -> AVANZADO 2 | M20: =IFERROR(INDEX(PARAMETROS!$E$15:$E$19,MATCH(L20,PARAMETROS!$A$15:$A$19,0),1), "") -> 100 | O20: Se mantiene en el mismo nivel
I21: Control, evaluación y seguimiento | J21: Indicadores de Gestión | K21: La entidad realiza procesos de mejora continua al cumplimiento de los planes y proyectos establecidos en el PINAR. | L21: =IF(K21="","",INDEX(Niveles,MATCH(MID('MGDA reporte I-2026'!K21,1,180),Listas!$E$2:$E$271,0),1)) -> AVANZADO 2 | M21: =IFERROR(INDEX(PARAMETROS!$E$15:$E$19,MATCH(L21,PARAMETROS!$A$15:$A$19,0),1), "") -> 100 | N21: =IFERROR(AVERAGE(M21:M23),"") -> 100 | O21: Se mantiene en el mismo nivel
I22: Control, evaluación y seguimiento | J22: Informes de Gestión | K22: La entidad a través de los informes de gestión genera procesos de mejora continua al desarrollo de la función archivística. | L22: =IF(K22="","",INDEX(Niveles,MATCH(MID('MGDA reporte I-2026'!K22,1,180),Listas!$E$2:$E$271,0),1)) -> AVANZADO 2 | M22: =IFERROR(INDEX(PARAMETROS!$E$15:$E$19,MATCH(L22,PARAMETROS!$A$15:$A$19,0),1), "") -> 100 | O22: Se mantiene en el mismo nivel
J23: Programa de Auditoría y Control | K23: La entidad realiza procesos de mejora continua, como resultado de las observaciones y hallazgos encontrados a los procesos de la gestión documental y la función archivística. | L23: =IF(K23="","",INDEX(Niveles,MATCH(MID('MGDA reporte I-2026'!K23,1,180),Listas!$E$2:$E$271,0),1)) -> AVANZADO 2 | M23: =IFERROR(INDEX(PARAMETROS!$E$15:$E$19,MATCH(L23,PARAMETROS!$A$15:$A$19,0),1), "") -> 100 | O23: Se mantiene en el mismo nivel
F24: ADMINISTRACIÓN DE ARCHIVOS | I24: Administración | J24: Planeación de la Administración de archivos | K24: La entidad desarrolla estrategias de innovación, empoderamiento, autogestión, con el fin de cumplir me manera más eficaz la política archivística y administración de los fondos documentales. | L24: =IF(K24="","",INDEX(Niveles,MATCH(MID('MGDA reporte I-2026'!K24,1,180),Listas!$E$2:$E$271,0),1)) -> AVANZADO 2 | M24: =IFERROR(INDEX(PARAMETROS!$E$15:$E$19,MATCH(L24,PARAMETROS!$A$15:$A$19,0),1), "") -> 100 | N24: =IFERROR(AVERAGE(M24),"") -> 100 | O24: Se mantiene en el mismo nivel
I25: Recursos físicos | J25: Infraestructura Locativa | K25: La entidad realiza seguimiento y control a la adecuación de la infraestructura, con el fin de cumplir con las especificaciones técnicas y normativas. | L25: =IF(K25="","",INDEX(Niveles,MATCH(MID('MGDA reporte I-2026'!K25,1,180),Listas!$E$2:$E$271,0),1)) -> AVANZADO 1 | M25: =IFERROR(INDEX(PARAMETROS!$E$15:$E$19,MATCH(L25,PARAMETROS!$A$15:$A$19,0),1), "") -> 94 | N25: =IFERROR(AVERAGE(M25),"") -> 94 | O25: Se avanza al siguiente nivel
I26: Talento humano | J26: Gestión Humana | K26: La entidad realiza seguimiento y control al personal que se encuentra desarrollando las actividades de la función archivística y administración de archivos, que conllevan al mejorando del ambiente organizacional, la confianza y colaboración para el fortalecimiento profesional. | L26: =IF(K26="","",INDEX(Niveles,MATCH(MID('MGDA reporte I-2026'!K26,1,180),Listas!$E$2:$E$271,0),1)) -> AVANZADO 1 | M26: =IFERROR(INDEX(PARAMETROS!$E$15:$E$19,MATCH(L26,PARAMETROS!$A$15:$A$19,0),1), "") -> 94 | N26: =IFERROR(AVERAGE(M26:M27),"") -> 94 | O26: Se mantiene en el mismo nivel
J27: Capacitación en Gestión Documental | K27: La entidad realiza seguimiento y control al PIC, para garantizar el cumplimiento y difusión de los contenidos de la función archivística. | L27: =IF(K27="","",INDEX(Niveles,MATCH(MID('MGDA reporte I-2026'!K27,1,180),Listas!$E$2:$E$271,0),1)) -> AVANZADO 1 | M27: =IFERROR(INDEX(PARAMETROS!$E$15:$E$19,MATCH(L27,PARAMETROS!$A$15:$A$19,0),1), "") -> 94 | O27: Se mantiene en el mismo nivel
I28: Gestión en seguridad y salud ocupacional | J28: Aseguramiento de las Condiciones de Trabajo | K28: La entidad realiza seguimiento y control a su sistema de Gestión y seguridad en el trabajo donde se verifican las condiciones establecidas para los encargados de la Gestión Documental | L28: =IF(K28="","",INDEX(Niveles,MATCH(MID('MGDA reporte I-2026'!K28,1,180),Listas!$E$2:$E$271,0),1)) -> AVANZADO 1 | M28: =IFERROR(INDEX(PARAMETROS!$E$15:$E$19,MATCH(L28,PARAMETROS!$A$15:$A$19,0),1), "") -> 94 | N28: =IFERROR(AVERAGE(M28),"") -> 94 | O28: Se mantiene en el mismo nivel
F29: PROCESOS DE LA GESTION DOCUMENTAL | I29: Planeación (Técnica) | J29: Diseño y Creación de Documentos | K29: La entidad realiza procesos de mejora continua a los lineamientos para el diseño y creación de documentos a partir de las validaciones en las dependencias, incorporando ajustes en los casos necesarios bajo la garantía del cumplimiento del contexto administrativo, legal, funcional y técnico y en especial, para la optimización de la gestión de la información y la documentación | L29: =IF(K29="","",INDEX(Niveles,MATCH(MID('MGDA reporte I-2026'!K29,1,180),Listas!$E$2:$E$271,0),1)) -> AVANZADO 2 | M29: =IFERROR(INDEX(PARAMETROS!$E$15:$E$19,MATCH(L29,PARAMETROS!$A$15:$A$19,0),1), "") -> 100 | N29: =IFERROR(AVERAGE(M29:M33),"") -> 95.8 | O29: Se mantiene en el mismo nivel
J30: Documentos Especiales | K30: la entidad implementa la identificación de soportes documentales especiales mediante la TRD, TVD e inventarios documentales | L30: =IF(K30="","",INDEX(Niveles,MATCH(MID('MGDA reporte I-2026'!K30,1,180),Listas!$E$2:$E$271,0),1)) -> INTERMEDIO | M30: =IFERROR(INDEX(PARAMETROS!$E$15:$E$19,MATCH(L30,PARAMETROS!$A$15:$A$19,0),1), "") -> 79 | O30: Se mantiene en el mismo nivel
J31: Cuadro de Clasificación Documental | K31: La entidad realiza evaluación y monitoreo al Cuadro de Clasificación Documental - CCD, para generar recomendaciones sobre su actualización y orientar las acciones de mejoramiento continuo. | L31: =IF(K31="","",INDEX(Niveles,MATCH(MID('MGDA reporte I-2026'!K31,1,180),Listas!$E$2:$E$271,0),1)) -> AVANZADO 2 | M31: =IFERROR(INDEX(PARAMETROS!$E$15:$E$19,MATCH(L31,PARAMETROS!$A$15:$A$19,0),1), "") -> 100 | O31: Se mantiene en el mismo nivel
J32: Tablas de Retención Documental | K32: La entidad realiza mejora mediante el proceso de actualización de las TRD de acuerdo con los momentos establecidos en la normatividad archivística ya que esto le permite mantener la organización documental. | L32: =IF(K32="","",INDEX(Niveles,MATCH(MID('MGDA reporte I-2026'!K32,1,180),Listas!$E$2:$E$271,0),1)) -> AVANZADO 2 | M32: =IFERROR(INDEX(PARAMETROS!$E$15:$E$19,MATCH(L32,PARAMETROS!$A$15:$A$19,0),1), "") -> 100 | O32: Se mantiene en el mismo nivel
J33: Tablas de Valoración Documental | K33: La entidad realiza procesos de transferencia secundarias y pone a disposición de la investigación sus acervos documentales históricos e innova con procesos culturales | L33: =IF(K33="","",INDEX(Niveles,MATCH(MID('MGDA reporte I-2026'!K33,1,180),Listas!$E$2:$E$271,0),1)) -> AVANZADO 2 | M33: =IFERROR(INDEX(PARAMETROS!$E$15:$E$19,MATCH(L33,PARAMETROS!$A$15:$A$19,0),1), "") -> 100 | O33: Se mantiene en el mismo nivel
I34: Producción | J34: Medios y Técnicas de Producción | K34: La entidad realiza seguimiento y control a los medios y técnicas de producción para todos los soportes documentales, con el fin de establecer falencias a lo establecido en el manual de estilo y aplicar los correctivos necesarios | L34: =IF(K34="","",INDEX(Niveles,MATCH(MID('MGDA reporte I-2026'!K34,1,180),Listas!$E$2:$E$271,0),1)) -> AVANZADO 1 | M34: =IFERROR(INDEX(PARAMETROS!$E$15:$E$19,MATCH(L34,PARAMETROS!$A$15:$A$19,0),1), "") -> 94 | N34: =IFERROR(AVERAGE(M34:M35),"") -> 94 | O34: Se mantiene en el mismo nivel
J35: Reprografía | K35: La entidad realiza seguimiento y control al programa de reprografía con el fin de poder establecer las acciones que permitan mantener actualizado y de acuerdo con las necesidades reales para cada una de las dependencias. | L35: =IF(K35="","",INDEX(Niveles,MATCH(MID('MGDA reporte I-2026'!K35,1,180),Listas!$E$2:$E$271,0),1)) -> AVANZADO 1 | M35: =IFERROR(INDEX(PARAMETROS!$E$15:$E$19,MATCH(L35,PARAMETROS!$A$15:$A$19,0),1), "") -> 94 | O35: Se mantiene en el mismo nivel
I36: Gestión y trámite | J36: Registro y Distribución de Documentos (trámite) | K36: La entidad cuenta con un gestor documental que controla todas las comunicaciones oficiales recibidas por todos los canales establecidos y notifica electrónicamente a los usuarios internos y externos además controla los tiempos del trámite generando alertas. | L36: =IF(K36="","",INDEX(Niveles,MATCH(MID('MGDA reporte I-2026'!K36,1,180),Listas!$E$2:$E$271,0),1)) -> AVANZADO 1 | M36: =IFERROR(INDEX(PARAMETROS!$E$15:$E$19,MATCH(L36,PARAMETROS!$A$15:$A$19,0),1), "") -> 94 | N36: 94 | O36: Disminuye de nivel
I37: Organización | J37: Descripción Documental | K37: La entidad realiza procesos de mejora continua a los procedimientos de descripción documental orientados a disponer la consulta de la documentación en línea. | L37: =IF(K37="","",INDEX(Niveles,MATCH(MID('MGDA reporte I-2026'!K37,1,180),Listas!$E$2:$E$271,0),1)) -> AVANZADO 2 | M37: =IFERROR(INDEX(PARAMETROS!$E$15:$E$19,MATCH(L37,PARAMETROS!$A$15:$A$19,0),1), "") -> 100 | N37: =IFERROR(AVERAGE(M37),"") -> 100 | O37: Se mantiene en el mismo nivel
I38: Transferencias | J38: Plan de Transferencias Documentales | K38: La entidad realiza procesos de mejora continua al plan y cronograma de transferencias documentales donde se garanticen los recursos y espacios suficientes para su constante crecimiento. y realiza proceso de interoperabilidad con otras instituciones de archivo y culturales.La entidad realiza transferencias electrónicas secundarias, en cumplimiento de los requisitos del archivo histórico que recibe. | L38: =IF(K38="","",INDEX(Niveles,MATCH(MID('MGDA reporte I-2026'!K38,1,180),Listas!$E$2:$E$271,0),1)) -> AVANZADO 2 | M38: =IFERROR(INDEX(PARAMETROS!$E$15:$E$19,MATCH(L38,PARAMETROS!$A$15:$A$19,0),1), "") -> 100 | N38: =IFERROR(AVERAGE(M38),"") -> 100 | O38: Se mantiene en el mismo nivel
I39: Disposición de documentos | J39: Eliminación de Documentos | K39: La entidad realiza mejoras al procedimiento de eliminación documental teniendo en cuenta las actualizaciones de los instrumentos archivísticos que rigen este proceso. | L39: =IF(K39="","",INDEX(Niveles,MATCH(MID('MGDA reporte I-2026'!K39,1,180),Listas!$E$2:$E$271,0),1)) -> AVANZADO 2 | M39: =IFERROR(INDEX(PARAMETROS!$E$15:$E$19,MATCH(L39,PARAMETROS!$A$15:$A$19,0),1), "") -> 100 | N39: =IFERROR(AVERAGE(M39),"") -> 100 | O39: Se mantiene en el mismo nivel
I40: Preservación a largo plazo | J40: Plan de Conservación Documental | K40: La entidad realiza los procesos de mejora al Sistema Integrado de Conservación de acuerdo con los hallazgos realizados durante el proceso de control y seguimiento. | L40: =IF(K40="","",INDEX(Niveles,MATCH(MID('MGDA reporte I-2026'!K40,1,180),Listas!$E$2:$E$271,0),1)) -> AVANZADO 2 | M40: =IFERROR(INDEX(PARAMETROS!$E$15:$E$19,MATCH(L40,PARAMETROS!$A$15:$A$19,0),1), "") -> 100 | N40: =IFERROR(AVERAGE(M40),"") -> 100 | O40: Se mantiene en el mismo nivel
J41: Plan de Preservación Digital | K41: La entidad diseña y formula el plan de preservación digital a largo plazo, que incorpora los programas, estrategias, procesos y procedimientos, tendientes a asegurar la preservación a largo plazo de los documentos electrónicos. | L41: =IF(K41="","",INDEX(Niveles,MATCH(MID('MGDA reporte I-2026'!K41,1,180),Listas!$E$2:$E$271,0),1)) -> INTERMEDIO | M41: =IFERROR(INDEX(PARAMETROS!$E$15:$E$19,MATCH(L41,PARAMETROS!$A$15:$A$19,0),1), "") -> 79 | N41: =IFERROR(AVERAGE(M41),"") -> 79 | O41: Disminuye de nivel
I42: Valoración | J42: Valores Primarios y Secundarios | K42: La entidad realiza mejora continua a los procesos de valoración mediante la revisión constante de la normatividad asociada a cada serie o subserie, los cambios y comportamientos culturales ya que estos pueden influir en la valoración documental, así como la actualización de los instrumentos archivísticos. | L42: =IF(K42="","",INDEX(Niveles,MATCH(MID('MGDA reporte I-2026'!K42,1,180),Listas!$E$2:$E$271,0),1)) -> AVANZADO 2 | M42: =IFERROR(INDEX(PARAMETROS!$E$15:$E$19,MATCH(L42,PARAMETROS!$A$15:$A$19,0),1), "") -> 100 | N42: =IFERROR(AVERAGE(M42),"") -> 100 | O42: Se mantiene en el mismo nivel
F43: TECNOLÓGICO | I43: Articulación de la gestión de documentos electrónicos | J43: Gestión de documentos electrónicos en los procesos, procedimientos, trámites o servicios internos | K43: Para los procesos, procedimientos, trámites o servicios automatizados, la Entidad involucra los siguientes aspectos: - Los documentos electrónicos cuentan con esquemas de validación y metadatos - Los documentos electrónicos hacen parte de un expediente electrónico - Los expedientes electrónicos cuentan con el índice electrónico y metadatos | L43: =IF(K43="","",INDEX(Niveles,MATCH(MID('MGDA reporte I-2026'!K43,1,180),Listas!$E$2:$E$271,0),1)) -> INTERMEDIO | M43: =IFERROR(INDEX(PARAMETROS!$E$15:$E$19,MATCH(L43,PARAMETROS!$A$15:$A$19,0),1), "") -> 79 | N43: 0 | O43: Se mantiene en el mismo nivel
J44: Gestión de documentos electrónicos en los canales virtuales de atención externos | K44: Los canales virtuales (ventanilla única, portales transversales y sede electrónica) se encuentran articulados con el SGDEA de la entidad. | L44: =IF(K44="","",INDEX(Niveles,MATCH(MID('MGDA reporte I-2026'!K44,1,180),Listas!$E$2:$E$271,0),1)) -> AVANZADO 1 | M44: =IFERROR(INDEX(PARAMETROS!$E$15:$E$19,MATCH(L44,PARAMETROS!$A$15:$A$19,0),1), "") -> 94 | O44: Se mantiene en el mismo nivel
H45: Elaboración, aprobación , implementación y publicación del Programa de Gestión Documental - PGD, | J45: Sistemas de información corporativos | K45: La entidad incorpora lineamientos básicos de los sistemas de gestión empresarial, las plataformas de gestión de contenidos o sistemas de información transaccional u operacional, los cuales involucran: - Identificación y tratamiento de la información estructurada y la no estructurada - Normalización de formularios electrónicos - Identificación de metadatos aplicables a la Gestión Documental - Clasificación documental - Controles de acceso a la información | L45: =IF(K45="","",INDEX(Niveles,MATCH(MID('MGDA reporte I-2026'!K45,1,180),Listas!$E$2:$E$271,0),1)) -> BÁSICO | M45: 80 | O45: Se mantiene en el mismo nivel
I46: Tecnologías para la gestión de documentos electrónicos | J46: Modelo de Requisitos para la gestión de documentos electrónicos | K46: La Entidad implementa y realiza seguimiento y control del Modelo de Requisitos para la gestión de documentos electrónicos revisando que las funcionalidades actuales respondan a las necesidades específicas de entidad. | L46: =IF(K46="","",INDEX(Niveles,MATCH(MID('MGDA reporte I-2026'!K46,1,180),Listas!$E$2:$E$271,0),1)) -> AVANZADO 1 | M46: =IFERROR(INDEX(PARAMETROS!$E$15:$E$19,MATCH(L46,PARAMETROS!$A$15:$A$19,0),1), "") -> 94 | N46: =IFERROR(AVERAGE(M46:M52),"") -> 72.142857 | O46: Se mantiene en el mismo nivel
J47: Sistema de Gestión de Documentos Electrónicos de Archivo | K47: La Entidad cuenta con un sistema de gestión de documentos electrónicos de archivo para la administración, trámite y preservación de sus expedientes y documentos electrónicos que responde a las necesidades de la Entidad y sus instrumentos archivísticos. | L47: =IF(K47="","",INDEX(Niveles,MATCH(MID('MGDA reporte I-2026'!K47,1,180),Listas!$E$2:$E$271,0),1)) -> INTERMEDIO | M47: =IFERROR(INDEX(PARAMETROS!$E$15:$E$19,MATCH(L47,PARAMETROS!$A$15:$A$19,0),1), "") -> 79 | O47: Se mantiene en el mismo nivel
J48: Digitalización | K48: La Entidad cuenta con procedimientos técnicos definidos para cada tipo de digitalización existente. | L48: =IF(K48="","",INDEX(Niveles,MATCH(MID('MGDA reporte I-2026'!K48,1,180),Listas!$E$2:$E$271,0),1)) -> AVANZADO 1 | M48: =IFERROR(INDEX(PARAMETROS!$E$15:$E$19,MATCH(L48,PARAMETROS!$A$15:$A$19,0),1), "") -> 94 | O48: Se avanza al siguiente nivel
J49: Esquema de Metadatos | K49: La Entidad ha establecido el esquema de metadatos para la gestión de documentos electrónicos. | L49: =IF(K49="","",INDEX(Niveles,MATCH(MID('MGDA reporte I-2026'!K49,1,180),Listas!$E$2:$E$271,0),1)) -> AVANZADO 1 | M49: =IFERROR(INDEX(PARAMETROS!$E$15:$E$19,MATCH(L49,PARAMETROS!$A$15:$A$19,0),1), "") -> 94 | O49: Se mantiene en el mismo nivel
J50: Sistema de Preservación Digital | K50: La Entidad carece de un repositorio digital, depósito digital o similar para organizar un archivo digital, y no se ha definido un modelo de requisitos de un Sistema de Preservación Digital | L50: =IF(K50="","",INDEX(Niveles,MATCH(MID('MGDA reporte I-2026'!K50,1,180),Listas!$E$2:$E$271,0),1)) -> INICIAL | M50: 0 | O50: Se mantiene en el mismo nivel
J51: Almacenamiento en la nube | K51: La entidad hace uso de servicios de almacenamiento en la nube, pero sin aplicar los lineamientos de gestión documental | L51: =IF(K51="","",INDEX(Niveles,MATCH(MID('MGDA reporte I-2026'!K51,1,180),Listas!$E$2:$E$271,0),1)) -> BÁSICO | M51: =IFERROR(INDEX(PARAMETROS!$E$15:$E$19,MATCH(L51,PARAMETROS!$A$15:$A$19,0),1), "") -> 65 | O51: Se mantiene en el mismo nivel
J52: Repositorios digitales | K52: La entidad cuenta con repositorios digitales que hacen parte de los sistemas de información institucionales y son usados para el almacenamiento de documentos en la etapa de gestión. | L52: =IF(K52="","",INDEX(Niveles,MATCH(MID('MGDA reporte I-2026'!K52,1,180),Listas!$E$2:$E$271,0),1)) -> INTERMEDIO | M52: =IFERROR(INDEX(PARAMETROS!$E$15:$E$19,MATCH(L52,PARAMETROS!$A$15:$A$19,0),1), "") -> 79 | O52: Se mantiene en el mismo nivel
I53: Seguridad y privacidad | J53: Articulación con Políticas de Seguridad de Información | K53: La entidad realiza procesos de mejora continúa actualizando los aspectos que sean necesarios para la seguridad de información contenida en documentos electrónicos de archivo, dentro de las políticas del Sistema de Gestión de Seguridad de Información. | L53: =IF(K53="","",INDEX(Niveles,MATCH(MID('MGDA reporte I-2026'!K53,1,180),Listas!$E$2:$E$271,0),1)) -> AVANZADO 2 | M53: =IFERROR(INDEX(PARAMETROS!$E$15:$E$19,MATCH(L53,PARAMETROS!$A$15:$A$19,0),1), "") -> 100 | N53: =IFERROR(AVERAGE(M53:M54),"") -> 50 | O53: Se mantiene en el mismo nivel
J54: Copia de seguridad archivo digital | K54: La Entidad no realiza copias de su archivo digital. | L54: =IF(K54="","",INDEX(Niveles,MATCH(MID('MGDA reporte I-2026'!K54,1,180),Listas!$E$2:$E$271,0),1)) -> INICIAL | M54: =IFERROR(INDEX(PARAMETROS!$E$15:$E$19,MATCH(L54,PARAMETROS!$A$15:$A$19,0),1), "") -> 0 | O54: Disminuye de nivel
I55: Interoperabilidad | J55: Político - legal | K55: La entidad cuenta con todos los acuerdos para el intercambio de documentos electrónicos con otras entidades y existe normatividad para todos los servicios de intercambio | L55: =IF(K55="","",INDEX(Niveles,MATCH(MID('MGDA reporte I-2026'!K55,1,180),Listas!$E$2:$E$271,0),1)) -> INTERMEDIO | M55: =IFERROR(INDEX(PARAMETROS!$E$15:$E$19,MATCH(L55,PARAMETROS!$A$15:$A$19,0),1), "") -> 79 | N55: =IFERROR(AVERAGE(M55:M57),"") -> 84 | O55: Se mantiene en el mismo nivel
J56: Semántico | K56: La entidad aplica un lenguaje común de intercambio y lo utiliza en todos los servicios de intercambio de información para la construcción de expedientes electrónicos, adicional cuenta con la documentación completa de los servicios de intercambio | L56: =IF(K56="","",INDEX(Niveles,MATCH(MID('MGDA reporte I-2026'!K56,1,180),Listas!$E$2:$E$271,0),1)) -> INTERMEDIO | M56: =IFERROR(INDEX(PARAMETROS!$E$15:$E$19,MATCH(L56,PARAMETROS!$A$15:$A$19,0),1), "") -> 79 | O56: Disminuye de nivel
J57: Técnico | K57: La Entidad realiza seguimiento y control a la infraestructura tecnológica para el intercambio de información a través de la revisión de la documentación asociada y al cumplimiento de los servicios de intercambio | L57: =IF(K57="","",INDEX(Niveles,MATCH(MID('MGDA reporte I-2026'!K57,1,180),Listas!$E$2:$E$271,0),1)) -> AVANZADO 1 | M57: =IFERROR(INDEX(PARAMETROS!$E$15:$E$19,MATCH(L57,PARAMETROS!$A$15:$A$19,0),1), "") -> 94 | O57: Se mantiene en el mismo nivel
F58: CULTURAL | I58: Gestión del conocimiento | J58: Programa de Gestión del Conocimiento | K58: La entidad realiza seguimiento y control a su Programa de Gestión del Conocimiento a través de los procesos de auditoría para la identificación, capitalización, aprovechamiento de la información y documentación en todos los ámbitos de su proceso evolutivo. | L58: =IF(K58="","",INDEX(Niveles,MATCH(MID('MGDA reporte I-2026'!K58,1,180),Listas!$E$2:$E$271,0),1)) -> AVANZADO 1 | M58: =IFERROR(INDEX(PARAMETROS!$E$15:$E$19,MATCH(L58,PARAMETROS!$A$15:$A$19,0),1), "") -> 94 | N58: =IFERROR(AVERAGE(M58:M60),"") -> 89 | O58: Se mantiene en el mismo nivel
J59: Memoria Institucional | K59: La entidad elabora la memoria institucional con datos la estructura orgánica de la entidad, localización física, responsables, organización y servicios en las diferentes etapas del ciclo vital de los documentos. | L59: =IF(K59="","",INDEX(Niveles,MATCH(MID('MGDA reporte I-2026'!K59,1,180),Listas!$E$2:$E$271,0),1)) -> INTERMEDIO | M59: =IFERROR(INDEX(PARAMETROS!$E$15:$E$19,MATCH(L59,PARAMETROS!$A$15:$A$19,0),1), "") -> 79 | O59: Se mantiene en el mismo nivel
J60: Archivos Históricos | K60: La entidad realiza seguimiento y control a las acciones de identificación, conservación y promoción de la documentación con significación histórica. | L60: =IF(K60="","",INDEX(Niveles,MATCH(MID('MGDA reporte I-2026'!K60,1,180),Listas!$E$2:$E$271,0),1)) -> AVANZADO 1 | M60: =IFERROR(INDEX(PARAMETROS!$E$15:$E$19,MATCH(L60,PARAMETROS!$A$15:$A$19,0),1), "") -> 94 | O60: Se avanza al siguiente nivel
I61: Redes culturales | J61: Redes culturales | K61: La entidad implementa redes de servicios culturales teniendo en cuenta el principio de cooperación interinstitucional entre las diferentes instancias y espacios de concertación que integran el Sistema Nacional de Cultura. | L61: =IF(K61="","",INDEX(Niveles,MATCH(MID('MGDA reporte I-2026'!K61,1,180),Listas!$E$2:$E$271,0),1)) -> INTERMEDIO | M61: =IFERROR(INDEX(PARAMETROS!$E$15:$E$19,MATCH(L61,PARAMETROS!$A$15:$A$19,0),1), "") -> 79 | N61: =IFERROR(AVERAGE(M61:M64),"") -> 86.5 | O61: Se mantiene en el mismo nivel
J62: Rendición de cuentas | K62: La entidad realiza seguimiento y control a los mecanismos de rendición de cuentas para dar respuesta a las inquietudes de la ciudadanía. | L62: =IF(K62="","",INDEX(Niveles,MATCH(MID('MGDA reporte I-2026'!K62,1,180),Listas!$E$2:$E$271,0),1)) -> AVANZADO 1 | M62: =IFERROR(INDEX(PARAMETROS!$E$15:$E$19,MATCH(L62,PARAMETROS!$A$15:$A$19,0),1), "") -> 94 | O62: Se mantiene en el mismo nivel
J63: Mecanismos de Difusión | K63: La entidad implementa mecanismos para divulgar los asuntos y temáticas contenidos en sus documentos y archivos en aras de persuadir a los usuarios y a la comunidad a hacer uso de ello. | L63: =IF(K63="","",INDEX(Niveles,MATCH(MID('MGDA reporte I-2026'!K63,1,180),Listas!$E$2:$E$271,0),1)) -> INTERMEDIO | M63: =IFERROR(INDEX(PARAMETROS!$E$15:$E$19,MATCH(L63,PARAMETROS!$A$15:$A$19,0),1), "") -> 79 | O63: Se mantiene en el mismo nivel
J64: Acceso y Consulta de la Información | K64: La entidad realiza seguimiento y control a las estrategias de acceso y consulta de la información contenida en sus documentos de archivo de tal forma que se logre la optimización de sus canales de atención. | L64: =IF(K64="","",INDEX(Niveles,MATCH(MID('MGDA reporte I-2026'!K64,1,180),Listas!$E$2:$E$271,0),1)) -> AVANZADO 1 | M64: =IFERROR(INDEX(PARAMETROS!$E$15:$E$19,MATCH(L64,PARAMETROS!$A$15:$A$19,0),1), "") -> 94 | O64: Se avanza al siguiente nivel
I65: Protección del ambiente | J65: Plan Institucional de Gestión Ambiental | K65: La entidad implementa estrategias para generar una cultura ambiental a través de procedimientos y medidas relacionadas con el medio ambiente en los diferentes procesos y actividades de la gestión documental y la administración de archivos. | L65: =IF(K65="","",INDEX(Niveles,MATCH(MID('MGDA reporte I-2026'!K65,1,180),Listas!$E$2:$E$271,0),1)) -> INTERMEDIO | M65: =IFERROR(INDEX(PARAMETROS!$E$15:$E$19,MATCH(L65,PARAMETROS!$A$15:$A$19,0),1), "") -> 79 | N65: =IFERROR(AVERAGE(M65),"") -> 79 | O65: Se mantiene en el mismo nivel

Sheet MGDA reporte I-2026 con justif
C3: AUTODIAGNÓSTICO POLÍTICA DE GESTIÓN DOCUMENTAL
C6: ENTIDAD | K6: CALIFICACIÓN TOTAL | M6: NIVEL DE MADUREZ | Q6: JUSTIFICACIÓN
C7: Ministerio de Justica y del Derecho | K7: =AVERAGE(Q12:Q65) -> 88.798758 | M7: =IF(K7="","",IF(AND(K7=0),"Inicial",IF(AND(K7>0,K7<=65),"Básico",IF(AND(K7>=66,K7<=79),"Intermedio",IF(AND(K7>=80,K7<=94),"Avanzado 1",IF(AND(K7>=95,K7<=100),"Avanzado 2","")))))) -> Avanzado 1 | Q7: =VLOOKUP(M7,PARAMETROS!A4:E9,2,FALSE) -> La evidencia observada cumple a cabalidad con el ítem, evaluado, es decir que el desarrollo de las actividades programadas se ejecuta conforme a lo planeado, con la debida oportunidad, efectividad y cuenta con las evidencias documentales que lo soportan
C11: COMPONENTES | D11: CALIFICACIÓN | E11: Peso | F11: CATEGORÍAS | G11: CALIFICACIÓN | H11: Peso | I11: SUBCOMPONENTE | J11: ítem | K11: PRODUCTO | L11: ACTIVIDADES DE GESTIÓN | M11: NIVEL | O11: PUNTAJE II-semestre 2025 | P11: PUNTAJE I-semestre 2026 | Q11: CALIFICACIÓN PROMEDIO 2024 | R11: CALIFICACIÓN PROMEDIO 2025 | S11: CALIFICACIÓN PROMEDIO 2025 | T11: OBSERVACIONES | V11: RESPONSABLE | W11: DESCRIPCIÓN ARGUMENTADA | X11: EVIDENCIA | Y11: OBSERVACIONES ANDREA
C12: Gestión Documental | E12: 0.3 | F12: ESTRATÉGICO | G12: =(+(M12*15)+(#REF!*10)+(M13*15)+(M14*20)+(M45*20)+(#REF!*20))/100 -> #VALUE! | H12: La Entidad cuenta con una Política de Gestión Documental | I12: Planeación de la funcion archivística | J12: 1 | K12: Diagnóstico de archivos | L12: La entidad realiza procesos de mejora continua al diagnóstico de archivos que generen mecanismos de actualización acorde con los cambios administrativos, normativos y tecnológicos. | M12: =IF(L12="","",INDEX(Niveles,MATCH(MID('MGDA reporte I-2026 con justif'!L12,1,180),Listas!$E$2:$E$271,0),1)) -> AVANZADO 2 | N12: =IFERROR(INDEX(PARAMETROS!$E$15:$E$19,MATCH(M12,PARAMETROS!$A$15:$A$19,0),1), "") -> 100 | O12: 100 | P12: 100 | Q12: =IFERROR(AVERAGE(N12:N18),"") -> 97.428571 | R12: =IFERROR(AVERAGE(O12:O18),"") -> 97.428571 | S12: =IFERROR(AVERAGE(P12:P18),"") -> 97.428571 | T12: Se mantiene en el mismo nivel | V12: Rodrigo Delgado | W12: La información correspondiente será reportada durante el segundo semestre de la vigencia, en razón de que el Informe de Diagnóstico Integral se encuentra en proceso de elaboración y consolidación. En consecuencia, se mantendrá la misma calificación hasta tanto se cuente con el informe definitivo y se actualice la información correspondiente. | X12: N/A | Y12: OK
H13: Elaboración y utilización del Diagnóstico Integral de Archivos | J13: 2 | K13: Política de Gestión Documental | L13: La entidad realiza seguimiento y control a la Política de Gestión Documental de acuerdo con las herramientas de medición y evaluación previstas por la alta dirección, en articulación con otras políticas para la gestión integral de la información y la documentación. | M13: =IF(L13="","",INDEX(Niveles,MATCH(MID('MGDA reporte I-2026 con justif'!L13,1,180),Listas!$E$2:$E$271,0),1)) -> AVANZADO 1 | N13: =IFERROR(INDEX(PARAMETROS!$E$15:$E$19,MATCH(M13,PARAMETROS!$A$15:$A$19,0),1), "") -> 94 | O13: 94 | P13: 94 | T13: Se mantiene en el mismo nivel | V13: Omaira Huertas William Forero | W13: La Política de Gestión Documental Física y Electrónica del Ministerio de Justicia y del Derecho fue presentada y aprobada mediante Acta No. 7 del Comité Institucional de Gestión y Desempeño (CIGD), el 27 de septiembre de 2024, mediante la cual se aprueba y actualiza dicha política, procediéndose a su publicación en la página web de la entidad, en la sección de transparencia. En este sentido, la Política de Gestión Documental constituye un instrumento de apoyo para la implementación eficiente de los instrumentos archivísticos establecidos en el Decreto 1080 de 2015, artículo 2.8.2.5.8. La Política de Gestión Documental del Ministerio de Justicia y del Derecho se encuentra alineada con el Programa de Gestión Documental (PGD) y el Plan Institucional de Archivos (PINAR); por lo tanto, durante el primer semestre, su implementación se ve reflejada en los informes trimestrales del PGD y del PINAR. Adicionalmente, como parte de los instrumentos archivísticos y estratégicos que posibilitan la implementación de la Política de Gestión Documental, en cuanto a los soportes electrónicos, es pertinente tener en cuenta el Modelo de Requisitos y el Sistema Integrado de Conservación (Plan de Preservación Documental), de cara a la gestión documental electrónica, para lo cual se evidencian los informes de implementación respectivos. | X13: 20260330-Informe implementación-PGD-I-Trimestre 20260630_Informe implementación-PGD-II-Trimestre 2026_Matriz Seguimiento_Proyecto Inversion_PINAR_1 y 2 trimestre 20260630_Matriz Seguimiento_PINAR_ll_TRI 20260330_Inf_Tr_MOREQ 20260330_Inf_Impl_T1_SIC 20260630_Inf_Impl_T2_SIC | Y13: Validar con Yineth si se sube a 100 dado que se están ejecutando los programas
H14: Frente al proceso de la planeación de la función archivística, elaboración y aprobación en instancias del Comité Institucional de Desarrollo Administrativo, del Plan institucional de archivos - PINAR e inclusión de actividades de gestión documental en planeación de la entidad. | J14: 3 | K14: Programa de Gestión Documental - PGD. | L14: La entidad realiza mejora continua al Programa de Gestión Documental, cuyo propósito es mantener los procesos y actividades de la gestión documental en continua innovación, desarrollo y actualización. | M14: =IF(L14="","",INDEX(Niveles,MATCH(MID('MGDA reporte I-2026 con justif'!L14,1,180),Listas!$E$2:$E$271,0),1)) -> AVANZADO 2 | N14: =IFERROR(INDEX(PARAMETROS!$E$15:$E$19,MATCH(M14,PARAMETROS!$A$15:$A$19,0),1), "") -> 100 | O14: 100 | P14: 100 | T14: Se mantiene en el mismo nivel | V14: Omaira Huertas | W14: Durante la vigencia 2024, el Programa de Gestión Documental fue actualizado y presentado para aprobación ante el Comité Institucional de Gestión y Desempeño, en sesión programada para el mes de agosto de 2024. Para el primer semestre del 2026, se implementó el PGD conforme a las actividades establecidas a corto plazo, generando dos (2) informes trimestrales, los cuales se encuentran publicados en la página web de la entidad, en la sección de datos abiertos | X14: 20260330-Informe implementación-PGD-I-Trimestre 20260630_Informe implementación-PGD-II-Trimestre
J15: 4 | K15: Plan Institucional de Archivos - PINAR | L15: La entidad realiza procesos de mejora continua al Plan Institucional de Archivos - PINAR, para generar recomendaciones sobre su desarrollo y actualización. | M15: =IF(L15="","",INDEX(Niveles,MATCH(MID('MGDA reporte I-2026 con justif'!L15,1,180),Listas!$E$2:$E$271,0),1)) -> AVANZADO 2 | N15: =IFERROR(INDEX(PARAMETROS!$E$15:$E$19,MATCH(M15,PARAMETROS!$A$15:$A$19,0),1), "") -> 100 | O15: 100 | P15: 100 | T15: Se mantiene en el mismo nivel | V15: Omaira Huertas | W15: Durante el primer semestre de 2026, se actualizó el Plan Institucional de Archivos – PINAR, el cual fue aprobado por el Comité Institucional de Gestión y Desempeño (CIGD) y publicado en el mes de enero de la misma vigencia. Para el primer semestre de 2026, se implementó el PINAR conforme a las actividades establecidas, realizando el seguimiento trimestral a través de la matriz de seguimiento correspondiente | X15: 01_20260630_Matriz Seguimiento_PINAR_ll_TRI 2026_Matriz Seguimiento_Proyecto Inversion_PINAR_1 y 2 trimestre
J16: 5 | K16: Sistema Integrado de Conservación - SIC | L16: la entidad realiza los procesos de mejora al sistema integrado de acuerdo con los hallazgos realizados durante el proceso de control y seguimiento. | M16: =IF(L16="","",INDEX(Niveles,MATCH(MID('MGDA reporte I-2026 con justif'!L16,1,180),Listas!$E$2:$E$271,0),1)) -> AVANZADO 2 | N16: =IFERROR(INDEX(PARAMETROS!$E$15:$E$19,MATCH(M16,PARAMETROS!$A$15:$A$19,0),1), "") -> 100 | O16: 100 | P16: 100 | T16: Se mantiene en el mismo nivel | V16: Xiomara Cabrera | W16: El 28 de junio de 2024 se aprobó por el Comité Institucional de Gestión y Desempeño el Sistema Integrado de Conservación 2024-2029 V2, el cual ha sido implementado y las actividades se pueden identificar en los informes trimestrales I (marzo) y II (junio) del año 2026 | X16: 20260330_Inf_Impl_T1_SIC 20260630_Inf_Impl_T2_SIC
J17: 6 | K17: Plan de análisis de procesos y procedimientos de la producción documental | L17: La entidad realiza seguimiento y control a los procesos y procedimientos de la producción documental con el fin de medir el avance de su implementación. | M17: =IF(L17="","",INDEX(Niveles,MATCH(MID('MGDA reporte I-2026 con justif'!L17,1,180),Listas!$E$2:$E$271,0),1)) -> AVANZADO 1 | N17: =IFERROR(INDEX(PARAMETROS!$E$15:$E$19,MATCH(M17,PARAMETROS!$A$15:$A$19,0),1), "") -> 94 | O17: 94 | P17: 94 | T17: Se mantiene en el mismo nivel | V17: Brayan, rodrigo, Andrea Castro | W17: Para dar a conocer los procesos y procedimientos de la producción documental, se realizan capacitaciones y asistencias técnicas en materia archivística, así como se han desarrollado actividades para realizar actualización de algunos procedimientos, instructivos y formatos en el SIG | X17: 2026_Relación Asistencias Técnicas 2026_Matriz-Segui_Ene_Abri Las evidencias que hacen referencia al SIG se ubican en lo reportado para PINAR en la ruta deL share Point 3. GESTIÓN DE CALIDAD -> 4.Planes -> 4.PINAR -> 2026_PINAR -> 2_Actualizar instrumentos archivísticos -> I y II trimestre el ítem 2,6 -> 2.6. Elaborar y/o actualizar documentos del Sistema Integrado de Gestiòn del Grupo de Gestión Documental.
J18: 7 | K18: Matriz de Riesgos en Gestión Documental | L18: La entidad realiza seguimiento y control a la matriz de riesgos en gestión documental. | M18: =IF(L18="","",INDEX(Niveles,MATCH(MID('MGDA reporte I-2026 con justif'!L18,1,180),Listas!$E$2:$E$271,0),1)) -> AVANZADO 1 | N18: =IFERROR(INDEX(PARAMETROS!$E$15:$E$19,MATCH(M18,PARAMETROS!$A$15:$A$19,0),1), "") -> 94 | O18: 94 | P18: 94 | T18: Se mantiene en el mismo nivel | V18: Yineth Gonzalez | W18: Se realiza el seguimiento y control cuatrimestral a la matriz de riesgos de gestión documental. | X18: Gestión Integridad Publica
I19: Planeación estratégica | J19: 1 | K19: Articulación de la Gestión Documental con el Plan Estratégico Institucional | L19: La entidad realiza procesos de mejora continua a las estrategias y planes de la institución para garantizar que la gestión documental se encuentra articulada y garantizar su desarrollo en la institución. | M19: =IF(L19="","",INDEX(Niveles,MATCH(MID('MGDA reporte I-2026 con justif'!L19,1,180),Listas!$E$2:$E$271,0),1)) -> AVANZADO 2 | N19: =IFERROR(INDEX(PARAMETROS!$E$15:$E$19,MATCH(M19,PARAMETROS!$A$15:$A$19,0),1), "") -> 100 | O19: 100 | P19: 100 | Q19: =IFERROR(AVERAGE(N19:N20),"") -> 100 | R19: =IFERROR(AVERAGE(O19:O20),"") -> 100 | S19: =IFERROR(AVERAGE(P19:P20),"") -> 100 | T19: Se mantiene en el mismo nivel | V19: Yineth Gonzalez | W19: Se realizó el reporte trimestral de los Planes de Mejoramiento por Procesos (PMP) y de Calidad (PMC), con corte al 31 de marzo y 30 de junio de 2026. | X19: 202603_Trimestre-I 202606_ Trim ll
J20: 2 | K20: Articulación de la Gestión Documental con Políticas del Modelo Integrado de Planeación y Gestión - MIPG | L20: La entidad realiza medidas de acción encaminadas a la mejora continua para alcanzar la excelencia, en la correcta articulación de la gestión documental con el MIPG. | M20: =IF(L20="","",INDEX(Niveles,MATCH(MID('MGDA reporte I-2026 con justif'!L20,1,180),Listas!$E$2:$E$271,0),1)) -> AVANZADO 2 | N20: =IFERROR(INDEX(PARAMETROS!$E$15:$E$19,MATCH(M20,PARAMETROS!$A$15:$A$19,0),1), "") -> 100 | O20: 100 | T20: Se mantiene en el mismo nivel | V20: Yineth Gonzalez | Y20: Falta descripción y soporte Yineth
I21: Control, evaluación y seguimiento | J21: 1 | K21: Indicadores de Gestión | L21: La entidad realiza procesos de mejora continua al cumplimiento de los planes y proyectos establecidos en el PINAR. | M21: =IF(L21="","",INDEX(Niveles,MATCH(MID('MGDA reporte I-2026 con justif'!L21,1,180),Listas!$E$2:$E$271,0),1)) -> AVANZADO 2 | N21: =IFERROR(INDEX(PARAMETROS!$E$15:$E$19,MATCH(M21,PARAMETROS!$A$15:$A$19,0),1), "") -> 100 | O21: 100 | P21: 100 | Q21: =IFERROR(AVERAGE(N21:N23),"") -> 100 | R21: =IFERROR(AVERAGE(O21:O23),"") -> 100 | S21: =IFERROR(AVERAGE(P21:P23),"") -> 100 | T21: Se mantiene en el mismo nivel | V21: Omaira Huertas | W21: La entidad realiza procesos de mejora continua a los planes y proyectos establecidos en el PINAR mediantes el seguimiento al cumpliemiento mediante la matriz de seguimiento trimestral. | X21: Share point - Gestión de calidad - planes - 2026_PINAR
I22: Control, evaluación y seguimiento | J22: 2 | K22: Informes de Gestión | L22: La entidad a través de los informes de gestión genera procesos de mejora continua al desarrollo de la función archivística. | M22: =IF(L22="","",INDEX(Niveles,MATCH(MID('MGDA reporte I-2026 con justif'!L22,1,180),Listas!$E$2:$E$271,0),1)) -> AVANZADO 2 | N22: =IFERROR(INDEX(PARAMETROS!$E$15:$E$19,MATCH(M22,PARAMETROS!$A$15:$A$19,0),1), "") -> 100 | O22: 100 | P22: 100 | T22: Se mantiene en el mismo nivel | V22: Yineth Gonzalez | Y22: Falta descripción y soporte Yineth
J23: 3 | K23: Programa de Auditoría y Control | L23: La entidad realiza procesos de mejora continua, como resultado de las observaciones y hallazgos encontrados a los procesos de la gestión documental y la función archivística. | M23: =IF(L23="","",INDEX(Niveles,MATCH(MID('MGDA reporte I-2026 con justif'!L23,1,180),Listas!$E$2:$E$271,0),1)) -> AVANZADO 2 | N23: =IFERROR(INDEX(PARAMETROS!$E$15:$E$19,MATCH(M23,PARAMETROS!$A$15:$A$19,0),1), "") -> 100 | O23: 100 | P23: 100 | T23: Se mantiene en el mismo nivel | V23: Omaira Huertas/pendiente definir responsable del programa | W23: El Programa de Auditoría y Control en Gestión Documental, durante el primer semestre, se implementó a través del seguimiento a los avances y la ejecución de los planes, programas y proyectos del proceso de gestión documental, establecidos en el PINAR, el PGD y el SIC | X23: 20260330-Informe implementación-PGD-I-Trimestre 20260630_Informe implementación-PGD-II-Trimestre 2026_Matriz Seguimiento_Proyecto Inversion_PINAR_1 y 2 trimestre 20260330_Informe_I_Trimestre_SIC 20260630_Informe_II_Trimestre_SIC | Y23: Validar, si estamos actualizando el programa se deja con 100 como ha venido por el hecho de extistir?
F24: ADMINISTRACIÓN DE ARCHIVOS | I24: Administración | J24: 1 | K24: Planeación de la Administración de archivos | L24: La entidad desarrolla estrategias de innovación, empoderamiento, autogestión, con el fin de cumplir me manera más eficaz la política archivística y administración de los fondos documentales. | M24: =IF(L24="","",INDEX(Niveles,MATCH(MID('MGDA reporte I-2026 con justif'!L24,1,180),Listas!$E$2:$E$271,0),1)) -> AVANZADO 2 | N24: =IFERROR(INDEX(PARAMETROS!$E$15:$E$19,MATCH(M24,PARAMETROS!$A$15:$A$19,0),1), "") -> 100 | O24: 100 | P24: 100 | Q24: =IFERROR(AVERAGE(N24),"") -> 100 | R24: =IFERROR(AVERAGE(O24),"") -> 100 | S24: =IFERROR(AVERAGE(P24),"") -> 100 | T24: Se mantiene en el mismo nivel | V24: Omaira Huertas Jorge Quiroga | W24: El Grupo de Gestión Documental elaboró, durante el primer semestre, ejecutó el Cronograma de Transferencias Documentales Primarias para la vigencia 2026. Para el primer semestre, se ejecutó un total de veintitrés (7) transferencias documentales primarias, correspondientes a los periodos 1 y 2, como resultado de la intervención adelantada por las áreas productoras sobre los archivos pertenecientes a sus fondos acumulados. Estas transferencias representan un volumen aproximado de 15,75 metros lineales, equivalentes a ochocientas veintinueve (63) cajas tipo X-200. | X24: 20260630_Matriz Transferencias Primarias 2026 | Y24: Omaira Validar "equivalentes a ochocientas veintinueve (63) cajas tipo X-200." Jorge Quroga "Falta incluir información y soporte
I25: Recursos físicos | J25: 1 | K25: Infraestructura Locativa | L25: La entidad realiza seguimiento y control a la adecuación de la infraestructura, con el fin de cumplir con las especificaciones técnicas y normativas. | M25: =IF(L25="","",INDEX(Niveles,MATCH(MID('MGDA reporte I-2026 con justif'!L25,1,180),Listas!$E$2:$E$271,0),1)) -> AVANZADO 1 | N25: =IFERROR(INDEX(PARAMETROS!$E$15:$E$19,MATCH(M25,PARAMETROS!$A$15:$A$19,0),1), "") -> 94 | O25: =IFERROR(INDEX(PARAMETROS!$E$15:$E$19,MATCH(N25,PARAMETROS!$A$15:$A$19,0),1), "") | Q25: =IFERROR(AVERAGE(N25),"") -> 94 | R25: =IFERROR(AVERAGE(O25),"") | S25: =IFERROR(AVERAGE(P25),"") | T25: Se avanza al siguiente nivel | V25: Xiomara Cabrera | W25: La entidad realiza seguimiento y control, mediante la elaboración del informe de condiciones de la infraestructura de los espacios de almacenamiento de archivo y su respectiva socialización y los correos de solicitud al Grupo de Gestión Administrativa para realizar las mejoras en los espacios de almacenamiento de archivo. | X25: 20260128_Informe de estado de las condiciones físicas de los espacios de almacenamiento de archivo. 20260324_Correo de solicitud arreglo cubierta AC 20260527_Correo electrónico solicitud arreglos goteras AC | Y25: Validar si es viable subir de nivel dado que se están acciones para mejorar las instalaciones de AC y en el Archivo de Gestión
I26: Talento humano | J26: 1 | K26: Gestión Humana | L26: La entidad realiza seguimiento y control al personal que se encuentra desarrollando las actividades de la función archivística y administración de archivos, que conllevan al mejorando del ambiente organizacional, la confianza y colaboración para el fortalecimiento profesional. | M26: =IF(L26="","",INDEX(Niveles,MATCH(MID('MGDA reporte I-2026 con justif'!L26,1,180),Listas!$E$2:$E$271,0),1)) -> AVANZADO 1 | N26: =IFERROR(INDEX(PARAMETROS!$E$15:$E$19,MATCH(M26,PARAMETROS!$A$15:$A$19,0),1), "") -> 94 | O26: 90 | P26: 94 | Q26: =IFERROR(AVERAGE(N26:N27),"") -> 94 | R26: =IFERROR(AVERAGE(O26:O27),"") -> 82.5 | S26: =IFERROR(AVERAGE(P26:P27),"") -> 94 | T26: Se mantiene en el mismo nivel | V26: Katherine - contractual | W26: El Grupo de Gestión Documental, realiza continuo seguimiento y control al desarrollo de las actividades relacionadas con la función archivística a través de las evaluaciones de desempeño de los funcionarios y validación de los informes contractuales de los contratistas. | X26: Se evidencia en las evaluaciones de desempeño de los funcionarios e informes contractuales mensuales de los contratistas de prestación de servicios | Y26: Se ajustó por que acá habla del personal del Grupo de GEstión Documental y no de capacitación a la organización
J27: 2 | K27: Capacitación en Gestión Documental | L27: La entidad realiza seguimiento y control al PIC, para garantizar el cumplimiento y difusión de los contenidos de la función archivística. | M27: =IF(L27="","",INDEX(Niveles,MATCH(MID('MGDA reporte I-2026 con justif'!L27,1,180),Listas!$E$2:$E$271,0),1)) -> AVANZADO 1 | N27: =IFERROR(INDEX(PARAMETROS!$E$15:$E$19,MATCH(M27,PARAMETROS!$A$15:$A$19,0),1), "") -> 94 | O27: 75 | P27: 94 | T27: Se mantiene en el mismo nivel | V27: Andres Bustos | W27: Durante el primer semestre de 2026, el Grupo de Gestión Documental realizó seguimiento y control al Plan Institucional de Capacitación (PIC) mediante la actualización de la matriz de necesidades y capacitaciones, verificando el cronograma, las fechas de ejecución, los responsables, la población objetivo, el número de participantes y el estado de cada actividad. Entre el 28 de enero y el 30 de junio de 2026 se ejecutaron veinticuatro (24) jornadas de capacitación, ocho (8) durante el primer trimestre y dieciséis (16) durante el segundo trimestre, con un total acumulado de 1.381 registros de asistencia. Las actividades abordaron contenidos relacionados con el SGDEA, el Programa de Gestión Documental, el Sistema Integrado de Conservación, los instrumentos archivísticos y las transferencias documentales. Su difusión y ejecución se evidencian mediante las invitaciones remitidas por correo electrónico, los listados de asistencia, las encuestas, sus resultados y los registros fotográficos de las actividades presenciales. | X27: 20260714_Matriz_De_Necesidades_Capacitaciones_GGD
I28: Gestión en seguridad y salud ocupacional | J28: 1 | K28: Aseguramiento de las Condiciones de Trabajo | L28: La entidad realiza seguimiento y control a su sistema de Gestión y seguridad en el trabajo donde se verifican las condiciones establecidas para los encargados de la Gestión Documental | M28: =IF(L28="","",INDEX(Niveles,MATCH(MID('MGDA reporte I-2026 con justif'!L28,1,180),Listas!$E$2:$E$271,0),1)) -> AVANZADO 1 | N28: =IFERROR(INDEX(PARAMETROS!$E$15:$E$19,MATCH(M28,PARAMETROS!$A$15:$A$19,0),1), "") -> 94 | O28: 94 | P28: 94 | Q28: =IFERROR(AVERAGE(N28),"") -> 94 | R28: =IFERROR(AVERAGE(O28),"") -> 94 | S28: =IFERROR(AVERAGE(P28),"") -> 94 | T28: Se mantiene en el mismo nivel | V28: Gestión humana | W28: Desde el Grupo de Gestión Humana, a través de seguridad y salud en el trabajo realizan seguimiento a los funcionarios evaluando los puestos de trabajo, y cuando es requerido realizan también seguimiento a los Contratistas | X28: Gestión Humana
F29: PROCESOS DE LA GESTION DOCUMENTAL | I29: Planeación (Técnica) | J29: 1 | K29: Diseño y Creación de Documentos | L29: La entidad realiza procesos de mejora continua a los lineamientos para el diseño y creación de documentos a partir de las validaciones en las dependencias, incorporando ajustes en los casos necesarios bajo la garantía del cumplimiento del contexto administrativo, legal, funcional y técnico y en especial, para la optimización de la gestión de la información y la documentación | M29: =IF(L29="","",INDEX(Niveles,MATCH(MID('MGDA reporte I-2026 con justif'!L29,1,180),Listas!$E$2:$E$271,0),1)) -> AVANZADO 2 | N29: =IFERROR(INDEX(PARAMETROS!$E$15:$E$19,MATCH(M29,PARAMETROS!$A$15:$A$19,0),1), "") -> 100 | O29: 100 | P29: 100 | Q29: =IFERROR(AVERAGE(N29:N33),"") -> 95.8 | R29: =IFERROR(AVERAGE(O29:O33),"") -> 95.8 | S29: =IFERROR(AVERAGE(P29:P33),"") -> 95.8 | T29: Se mantiene en el mismo nivel | V29: Andrea Castro | W29: Se mantiene el nivel dado que constantemente se trabaja en la actualización de los procedimientos, teniendo en cuenta lo tratado con los enlaces documentaes, así mismo en el semestre se revisó los procedimientos, instructivos y formatos asociados a la correspondencia y se revisó el procedimiento de reconstrucción de expedientes. | X29: documentos del SIG, lineamientos asistencias técnicas
J30: 2 | K30: Documentos Especiales | L30: la entidad implementa la identificación de soportes documentales especiales mediante la TRD, TVD e inventarios documentales | M30: =IF(L30="","",INDEX(Niveles,MATCH(MID('MGDA reporte I-2026 con justif'!L30,1,180),Listas!$E$2:$E$271,0),1)) -> INTERMEDIO | N30: =IFERROR(INDEX(PARAMETROS!$E$15:$E$19,MATCH(M30,PARAMETROS!$A$15:$A$19,0),1), "") -> 79 | O30: 79 | P30: 79 | T30: Se mantiene en el mismo nivel | V30: Omaira Huertas | W30: Existe el programa específico, no obstante durante el período objeto de seguimiento no se reportaron avances, toda vez que el Programa Específico se encuentra en proceso de actualización. | X30: N/A
J31: 3 | K31: Cuadro de Clasificación Documental | L31: La entidad realiza evaluación y monitoreo al Cuadro de Clasificación Documental - CCD, para generar recomendaciones sobre su actualización y orientar las acciones de mejoramiento continuo. | M31: =IF(L31="","",INDEX(Niveles,MATCH(MID('MGDA reporte I-2026 con justif'!L31,1,180),Listas!$E$2:$E$271,0),1)) -> AVANZADO 2 | N31: =IFERROR(INDEX(PARAMETROS!$E$15:$E$19,MATCH(M31,PARAMETROS!$A$15:$A$19,0),1), "") -> 100 | O31: 100 | P31: 100 | T31: Se mantiene en el mismo nivel | V31: Omaira Huertas | W31: Los CCD se encuentran asociados a las TRD, por lo que actualmente se está trabajando la convalidación de la nueva versión de TRD junto con su respectiva CCD. | X31: 20260317_Acta No. 4 mesa trabajo TRDMINJUSTICIA 20260410_MJD-OFI26-0016577 Solicitud prórroga ajustes TRD 20260416_respuesta del AGN prorroga 20260528_MJD-OFI26-0025697 Remisión de ajustes TRD 20260604_Acuse recibo ajustes Tablas de Retención Documental
J32: 4 | K32: Tablas de Retención Documental | L32: La entidad realiza mejora mediante el proceso de actualización de las TRD de acuerdo con los momentos establecidos en la normatividad archivística ya que esto le permite mantener la organización documental. | M32: =IF(L32="","",INDEX(Niveles,MATCH(MID('MGDA reporte I-2026 con justif'!L32,1,180),Listas!$E$2:$E$271,0),1)) -> AVANZADO 2 | N32: =IFERROR(INDEX(PARAMETROS!$E$15:$E$19,MATCH(M32,PARAMETROS!$A$15:$A$19,0),1), "") -> 100 | O32: 100 | P32: 100 | T32: Se mantiene en el mismo nivel | V32: Omaira Huertas | W32: • En virtud de la mesa de trabajo realizada con el Archivo General de la Nación (AGN) el pasado 17 de febrero del 2026, se levanta el acta No. 4, para la revisión de los ajustes de las Tablas de Retención Documental del Ministerio de Justicia y del Derecho, se nos solicita en un término de 30 días dar respuesta a los ajustes detallados en acta. • Mediante el oficio MJD-OFI26-0016577-GGD-40000 del 10 de abril de 2026, se solicitó al Archivo General de la Nación una prórroga de treinta (30) días hábiles para la entrega de los ajustes requeridos a las Tablas de Retención Documental. • A través del radicado AGN-2-2026-04353 del 16 de abril de 2026, el Archivo General de la Nación aceptó la ampliación del plazo para la entrega de los ajustes hasta el miércoles 28 de mayo de 2026. • Mediante el oficio MJD-OFI26-0025697-GGD-40000 del 28 de mayo de 2026, se remitieron al Archivo General de la Nación los ajustes requeridos, dando respuesta a las observaciones consignadas en el Acta N.° 4 y solicitando la convalidación de la Tabla de Retención Documental del Ministerio de Justicia y del Derecho. • A través del radicado AGN-2-2026-06932 del 4 de junio de 2026, el Archivo General de la Nación notificó la recepción y revisión de los ajustes entregados el 28 de mayo. Asimismo, informó que se agendará una mesa de trabajo virtual por Teams para el próximo 14 de julio de 2026 con la profesional Deysy Celis Fraija. | X32: 20260317_Acta No. 4 mesa trabajo TRDMINJUSTICIA 20260410_MJD-OFI26-0016577 Solicitud prórroga ajustes TRD 20260416_respuesta del AGN prorroga 20260528_MJD-OFI26-0025697 Remisión de ajustes TRD 20260604_Acuse recibo ajustes Tablas de Retención Documental
J33: 5 | K33: Tablas de Valoración Documental | L33: La entidad realiza procesos de transferencia secundarias y pone a disposición de la investigación sus acervos documentales históricos e innova con procesos culturales | M33: =IF(L33="","",INDEX(Niveles,MATCH(MID('MGDA reporte I-2026 con justif'!L33,1,180),Listas!$E$2:$E$271,0),1)) -> AVANZADO 2 | N33: =IFERROR(INDEX(PARAMETROS!$E$15:$E$19,MATCH(M33,PARAMETROS!$A$15:$A$19,0),1), "") -> 100 | O33: 100 | P33: 100 | T33: Se mantiene en el mismo nivel | V33: Andres Bustos | W33: Durante el primer semestre, se realizaron ajustes por parte del contratista en la documentación de la serie Certificados de Carencia, y se inicio la organización de documentación del fondo rotatorio el cual está pensado ser transferido una vez culmine su organización
I34: Producción | J34: 1 | K34: Medios y Técnicas de Producción | L34: La entidad realiza seguimiento y control a los medios y técnicas de producción para todos los soportes documentales, con el fin de establecer falencias a lo establecido en el manual de estilo y aplicar los correctivos necesarios | M34: =IF(L34="","",INDEX(Niveles,MATCH(MID('MGDA reporte I-2026 con justif'!L34,1,180),Listas!$E$2:$E$271,0),1)) -> AVANZADO 1 | N34: =IFERROR(INDEX(PARAMETROS!$E$15:$E$19,MATCH(M34,PARAMETROS!$A$15:$A$19,0),1), "") -> 94 | O34: 94 | P34: 94 | Q34: =IFERROR(AVERAGE(N34:N35),"") -> 94 | R34: =IFERROR(AVERAGE(O34:O35),"") -> 94 | S34: =IFERROR(AVERAGE(P34:P35),"") -> 94 | T34: Se mantiene en el mismo nivel | V34: William Forero | W34: Dentro de una dinámica transversal respecto a la producción documental, es importante tener en cuenta que en lo que respecta a medios y técnicas de reproducción la dependencia encargada de este producto es la Oficina de Prensa y Comunicaciones, a través del Manual de Identidad Visual, por medio del cual se dan indicaciones en lo relativo al estilo que deben tener las comunicaciones oficiales, y en general los documentos generados en la entidad. | X34: 20240611_ManuIVisual_MJD
J35: 2 | K35: Reprografía | L35: La entidad realiza seguimiento y control al programa de reprografía con el fin de poder establecer las acciones que permitan mantener actualizado y de acuerdo con las necesidades reales para cada una de las dependencias. | M35: =IF(L35="","",INDEX(Niveles,MATCH(MID('MGDA reporte I-2026 con justif'!L35,1,180),Listas!$E$2:$E$271,0),1)) -> AVANZADO 1 | N35: =IFERROR(INDEX(PARAMETROS!$E$15:$E$19,MATCH(M35,PARAMETROS!$A$15:$A$19,0),1), "") -> 94 | O35: 94 | P35: 94 | T35: Se mantiene en el mismo nivel | V35: William Forero | W35: En cuanto al programa de reprografía, se indica que el mismo se debe precisar a través del Programa de Reprografía (elaborado en abril del 2024) con cronograma 2024 – 2027. En el primer semestre de 2026, este se ha venido implementando con respecto al cronograma, en cuanto a capacitaciones. En el diagnóstico integral de archivo que se realiza actualmente, se han identificado muy pocas dependencias que genera proceso de digitalización, en este sentido, no se ha recibido solicitud de asistencia técnica al respecto. Actualmente el Programa de Reprografía se encuentra en proceso de actualización, para lo cual se deja un borrador de esta nueva versión. | X35: 20240401_ProgramReprog 20260528_Pres_Cap_Lin_DocElec 20260616_ProgramReprogBorrad 20260619_AgendaReuPrograEsp
I36: Gestión y trámite | J36: 1 | K36: Registro y Distribución de Documentos (trámite) | L36: La entidad cuenta con un gestor documental que controla todas las comunicaciones oficiales recibidas por todos los canales establecidos y notifica electrónicamente a los usuarios internos y externos además controla los tiempos del trámite generando alertas. | M36: =IF(L36="","",INDEX(Niveles,MATCH(MID('MGDA reporte I-2026 con justif'!L36,1,180),Listas!$E$2:$E$271,0),1)) -> AVANZADO 1 | N36: =IFERROR(INDEX(PARAMETROS!$E$15:$E$19,MATCH(M36,PARAMETROS!$A$15:$A$19,0),1), "") -> 94 | O36: 94 | P36: 94 | Q36: 94 | R36: =IFERROR(AVERAGE(O36),"") -> 94 | S36: =IFERROR(AVERAGE(P36),"") -> 94 | T36: Disminuye de nivel | V36: William Forero Luisa Bonilla | W36: El último informe del MODELO DE REQUISITOS PARA LA IMPLEMENTACIÓN DE UN SISTEMA DE GESTIÓN DE DOCUMENTOS ELECTRÓNICOS DE ARCHIVO MOREQ, se reportó en el primer trimestre de 2026, para lo cual el registro de avance sigue igual (74,7%), considerando que en este primer semestre se mantuvieron iguales las funcionalidades del SGDEA (EPX) en lo que respeta a la gestión de comunicaciones oficiales. Actualmente, en el marco de un nuevo contrato con la empresa proveedora Evolution EPX, nos encontramos en proceso de prueba, para una nueva versión del aplicativo, a partir de lo cual se podrían generar nuevos avances frente a la gestión de comunicaciones oficiales. | X36: 20260330_Inf_Tr_MOREQ 20260331_Inf_Impl_SGDEA
I37: Organización | J37: 1 | K37: Descripción Documental | L37: La entidad realiza procesos de mejora continua a los procedimientos de descripción documental orientados a disponer la consulta de la documentación en línea. | M37: =IF(L37="","",INDEX(Niveles,MATCH(MID('MGDA reporte I-2026 con justif'!L37,1,180),Listas!$E$2:$E$271,0),1)) -> AVANZADO 2 | N37: =IFERROR(INDEX(PARAMETROS!$E$15:$E$19,MATCH(M37,PARAMETROS!$A$15:$A$19,0),1), "") -> 100 | O37: =IFERROR(INDEX(PARAMETROS!$E$15:$E$19,MATCH(N37,PARAMETROS!$A$15:$A$19,0),1), "") | Q37: =IFERROR(AVERAGE(N37),"") -> 100 | R37: =IFERROR(AVERAGE(O37),"") | S37: =IFERROR(AVERAGE(P37),"") | T37: Se mantiene en el mismo nivel | V37: Andrea castro y Yineth Gonzalez | W37: La Entidad realiza validación del los procedimientos y trabaja en la actualización cuando hay necesidad o a solicitud de las personas que lo ejecutan. | Y37: ISAD-G inventarios y esquema de metadatos, validar con Yineth si lo dejamos así
I38: Transferencias | J38: 1 | K38: Plan de Transferencias Documentales | L38: La entidad realiza procesos de mejora continua al plan y cronograma de transferencias documentales donde se garanticen los recursos y espacios suficientes para su constante crecimiento. y realiza proceso de interoperabilidad con otras instituciones de archivo y culturales.La entidad realiza transferencias electrónicas secundarias, en cumplimiento de los requisitos del archivo histórico que recibe. | M38: =IF(L38="","",INDEX(Niveles,MATCH(MID('MGDA reporte I-2026 con justif'!L38,1,180),Listas!$E$2:$E$271,0),1)) -> AVANZADO 2 | N38: =IFERROR(INDEX(PARAMETROS!$E$15:$E$19,MATCH(M38,PARAMETROS!$A$15:$A$19,0),1), "") -> 100 | O38: 100 | Q38: =IFERROR(AVERAGE(N38),"") -> 100 | R38: =IFERROR(AVERAGE(O38),"") -> 100 | S38: =IFERROR(AVERAGE(P38),"") | T38: Se mantiene en el mismo nivel | V38: Maritza Gonzalez | W38: En cumplimiento del memorando MJD-MEM26-0002905-GGD-40000, durante el primer semestre de la vigencia 2026 se desarrollaron las actividades correspondientes al proceso de transferencias documentales primarias, de conformidad con los lineamientos establecidos para la gestión archivística institucional. Estas acciones tuvieron como propósito garantizar la adecuada organización, conservación y disposición de los documentos producidos por las diferentes dependencias de la entidad. Como soporte de las actividades ejecutadas, se adjuntan las evidencias correspondientes, entre las cuales se encuentran: las actas de transferencia documental debidamente suscritas, las cuales dan cuenta de las transferencias efectivamente realizadas por las siguientes dependencias que contaban con documentación física susceptible de ser transferida. 1. Oficina de Control Interno 27/05/2025 1. Grupo de Gestión Humana 01/06/2026 1. Grupo Política Penitenciaria y Carcelaria 2/06/2026 1. Grupo de Apoyo de la secretaría Técnica del Consejo Nacional de Estupefacientes - CNE 16/06/2026 1. Grupo de Extinción de Dominio 24/06/2026 1. Dirección de Métodos Alternativos y de Solución de Conflictos 25/06/2026 1. Grupo de Actuaciones Administrativas 26/06/2026 De igual manera, se anexan las solicitudes de prórroga presentadas por las dependencias,mediante las cuales se autorizó la ampliación de los plazos establecidos para la entrega de la documentación. 2.Dirección Jurídica 2.Grupo de Gestión Administrativa 2.Grupo de Gestión Humana 2.Oficina de Control Interno Asimismo, se incluyen los memorandos remitidos por algunas áreas, a través de los cuales se informa formalmente la inexistencia de documentación susceptible de transferencia durante el periodo evaluado. Las evidencias aportadas permiten demostrar el avance y cumplimiento de las actividades programadas en el marco del Modelo de Gestión Documental y Administración de Archivos (MDGA), así como el seguimiento efectuado a las dependencias, incluso en aquellos casos en los que no se generó documentación transferible durante el periodo objeto de reporte. En este sentido, la información recopilada refleja un proceso transparente, organizado y alineado con la normatividad vigente en materia de gestión documental, evidenciando tanto la ejecución de las transferencias documentales como la verificación del estado de la documentación en cada dependencia. Lo anterior contribuye al fortalecimiento del control archivístico institucional, la trazabilidad de la información y el cumplimiento de los lineamientos establecidos para la administración de archivos. | X38: 1. Actas de transferencias documentales 7 2. Solicitudes de prórrogas y sus respuestas 4 3. Memorandos 23
I39: Disposición de documentos | J39: 1 | K39: Eliminación de Documentos | L39: La entidad realiza mejoras al procedimiento de eliminación documental teniendo en cuenta las actualizaciones de los instrumentos archivísticos que rigen este proceso. | M39: =IF(L39="","",INDEX(Niveles,MATCH(MID('MGDA reporte I-2026 con justif'!L39,1,180),Listas!$E$2:$E$271,0),1)) -> AVANZADO 2 | N39: =IFERROR(INDEX(PARAMETROS!$E$15:$E$19,MATCH(M39,PARAMETROS!$A$15:$A$19,0),1), "") -> 100 | O39: 100 | P39: 100 | Q39: =IFERROR(AVERAGE(N39),"") -> 100 | R39: =IFERROR(AVERAGE(O39),"") -> 100 | S39: =IFERROR(AVERAGE(P39),"") -> 100 | T39: Se mantiene en el mismo nivel | V39: Omaira Huertas | W39: Durante el período objeto de seguimiento no se realizó proceso de eliminación, no obstante se inició con la identificación de documentación suceptible de eliminación, se esta trabajando en el levantamiento de información para el proceso de eliminación. | X39: N/A
I40: Preservación a largo plazo | J40: 1 | K40: Plan de Conservación Documental | L40: La entidad realiza los procesos de mejora al Sistema Integrado de Conservación de acuerdo con los hallazgos realizados durante el proceso de control y seguimiento. | M40: =IF(L40="","",INDEX(Niveles,MATCH(MID('MGDA reporte I-2026 con justif'!L40,1,180),Listas!$E$2:$E$271,0),1)) -> AVANZADO 2 | N40: =IFERROR(INDEX(PARAMETROS!$E$15:$E$19,MATCH(M40,PARAMETROS!$A$15:$A$19,0),1), "") -> 100 | O40: 100 | P40: 100 | Q40: =IFERROR(AVERAGE(N40),"") -> 100 | R40: =IFERROR(AVERAGE(O40),"") -> 100 | S40: =IFERROR(AVERAGE(P40),"") -> 100 | T40: Se mantiene en el mismo nivel | V40: Xiomara Cabrera | W40: La entidad implementa y realiza seguimiento al Sistema Integrado de Conservación a través de la consolidación de la información referente al desarrollo de cada uno de los programas del plan de conservación en el documento informe de implementación trimestral del Sistema Integrado de Conservación. | X40: 20260331_Informe de implementación_1T_SIC 20260630_Informe de implementación_2T_SIC
J41: 2 | K41: Plan de Preservación Digital | L41: La entidad diseña y formula el plan de preservación digital a largo plazo, que incorpora los programas, estrategias, procesos y procedimientos, tendientes a asegurar la preservación a largo plazo de los documentos electrónicos. | M41: =IF(L41="","",INDEX(Niveles,MATCH(MID('MGDA reporte I-2026 con justif'!L41,1,180),Listas!$E$2:$E$271,0),1)) -> INTERMEDIO | N41: =IFERROR(INDEX(PARAMETROS!$E$15:$E$19,MATCH(M41,PARAMETROS!$A$15:$A$19,0),1), "") -> 79 | O41: 79 | P41: 85 | Q41: =IFERROR(AVERAGE(N41),"") -> 79 | R41: =IFERROR(AVERAGE(O41),"") -> 79 | S41: =IFERROR(AVERAGE(P41),"") -> 85 | T41: Disminuye de nivel | V41: William Forero | W41: Se han generado reportes trimestrales del Sistema Integrado de Conservación SIC incluyendo la implementación del Plan de Preservación, para lo cual se han generado varias acciones; identificación de formatos y soportes bajo el diagnóstico integral, asistencias técnicas específicas respecto al uso y conversión de formatos de preservación, uso de metadatos que permitan la preservación y capacitaciones dirigidas a toda la entidad. No obstante, respecto al Plan de Preservación, se recomienda adelantar su actualización, considerando que algunos aspectos relacionados con la implementación del Sistema de Gestión de Documentos Electrónicos de Archivo y la adopción de las Tablas de Retención Documental han generado retrasos en el desarrollo de varias de las actividades contempladas inicialmente. Esta revisión permitirá ajustar tiempos, prioridades y acciones, garantizando una planeación más acorde con el estado actual de avance institucional. | X41: 20260330_Inf_Impl_T1_SIC 20260424_PresPlan_Preservacion 20260507_ID 690_SUIN_AT 20260630_Inf_Impl_T2_SIC 20260710_ResumDiagPreserva (Pág 18)
I42: Valoración | J42: 1 | K42: Valores Primarios y Secundarios | L42: La entidad realiza mejora continua a los procesos de valoración mediante la revisión constante de la normatividad asociada a cada serie o subserie, los cambios y comportamientos culturales ya que estos pueden influir en la valoración documental, así como la actualización de los instrumentos archivísticos. | M42: =IF(L42="","",INDEX(Niveles,MATCH(MID('MGDA reporte I-2026 con justif'!L42,1,180),Listas!$E$2:$E$271,0),1)) -> AVANZADO 2 | N42: =IFERROR(INDEX(PARAMETROS!$E$15:$E$19,MATCH(M42,PARAMETROS!$A$15:$A$19,0),1), "") -> 100 | O42: 100 | P42: 100 | Q42: =IFERROR(AVERAGE(N42),"") -> 100 | R42: =IFERROR(AVERAGE(O42),"") -> 100 | S42: =IFERROR(AVERAGE(P42),"") -> 100 | T42: Se mantiene en el mismo nivel | V42: Elizabeth Duarte | W42: Para la vigencia 2026 se realizó la actualización del normograma en el primer semestre del año
F43: TECNOLÓGICO | I43: Articulación de la gestión de documentos electrónicos | J43: 1 | K43: Gestión de documentos electrónicos en los procesos, procedimientos, trámites o servicios internos | L43: Para los procesos, procedimientos, trámites o servicios automatizados, la Entidad involucra los siguientes aspectos: - Los documentos electrónicos cuentan con esquemas de validación y metadatos - Los documentos electrónicos hacen parte de un expediente electrónico - Los expedientes electrónicos cuentan con el índice electrónico y metadatos | M43: =IF(L43="","",INDEX(Niveles,MATCH(MID('MGDA reporte I-2026 con justif'!L43,1,180),Listas!$E$2:$E$271,0),1)) -> INTERMEDIO | N43: =IFERROR(INDEX(PARAMETROS!$E$15:$E$19,MATCH(M43,PARAMETROS!$A$15:$A$19,0),1), "") -> 79 | O43: 79 | P43: 79 | Q43: 0 | R43: =IFERROR(AVERAGE(O43:O45),"") -> 84.333333 | S43: =IFERROR(AVERAGE(P43:P45),"") -> 84.333333 | T43: Se mantiene en el mismo nivel | V43: William Forero | W43: Es importante tener en cuenta que los metadatos y su implementación están presentes en toda la dinámica de la gestión documental física y electrónica, por lo que se deberían citar innumerables evidencias al respecto; no obstante, por ecología de información, se adjuntan los informes trimestrales PGD y SIC 2026 realizados hasta el momento, los cuales describen los avances en la implementación de metadatos, que van desde procesos de organización, formatos de descripción (índices electrónico), capacitaciones y demás. Sin embargo es de precisar que aún falta realizar mejoras dentro del aplicativo de Gestión Documental para la conformación de expedientes | X43: 20260330_Inf_Impl_T1_SIC 20260331_Inf_Imple_PGD_T1 20260630_Inf_Impl_T2_SIC 20260630_Inf_Imple_PGD_T2
J44: 2 | K44: Gestión de documentos electrónicos en los canales virtuales de atención externos | L44: Los canales virtuales (ventanilla única, portales transversales y sede electrónica) se encuentran articulados con el SGDEA de la entidad. | M44: =IF(L44="","",INDEX(Niveles,MATCH(MID('MGDA reporte I-2026 con justif'!L44,1,180),Listas!$E$2:$E$271,0),1)) -> AVANZADO 1 | N44: =IFERROR(INDEX(PARAMETROS!$E$15:$E$19,MATCH(M44,PARAMETROS!$A$15:$A$19,0),1), "") -> 94 | O44: 94 | P44: 94 | T44: Se mantiene en el mismo nivel | V44: William Forero Luisa Bonilla | W44: Por parte de la ingeniera Luisa Bonilla, según consultas realizadas al área de tecnología se indica que la entidad si cuenta con una articulación respecto a ventanilla única, a partir de la gestión de PQRS en la página Web; no obstante, en lo relativo a Portales Transversales, se indica que actualmente el sistema no se encuentra integrado con el (SUIT), ni con el Portal del Estado Colombiano (GOV.CO). | X44: 20260427_Correo_Interope_PQRS
H45: Elaboración, aprobación , implementación y publicación del Programa de Gestión Documental - PGD, | J45: 3 | K45: Sistemas de información corporativos | L45: La entidad incorpora lineamientos básicos de los sistemas de gestión empresarial, las plataformas de gestión de contenidos o sistemas de información transaccional u operacional, los cuales involucran: - Identificación y tratamiento de la información estructurada y la no estructurada - Normalización de formularios electrónicos - Identificación de metadatos aplicables a la Gestión Documental - Clasificación documental - Controles de acceso a la información | M45: =IF(L45="","",INDEX(Niveles,MATCH(MID('MGDA reporte I-2026 con justif'!L45,1,180),Listas!$E$2:$E$271,0),1)) -> BÁSICO | N45: 80 | O45: 80 | P45: 80 | T45: Se mantiene en el mismo nivel | V45: William Forero Luisa Bonilla | W45: Por parte de la ingeniera Luisa Bonilla, según consultas realizadas al área de tecnología se indica que la entidad si cuenta con una articulación respecto a ventanilla única, a partir de la gestión de PQRS en la página Web, SICAAC (Sistema de Información para la Conciliación, Arbitraje y Amigable Composición), MICC (Mecanismo de Información para el Control del Cannabis) y JustiFácil; no obstante, a partir del diagnóstico integral de archivo, se han identificado otros sistemas con los cuales debería interoperar el SGDEA para consolidar aún más la conformación de expedientes. | X45: 20260427_Correo_Interope_PQRS
I46: Tecnologías para la gestión de documentos electrónicos | J46: 1 | K46: Modelo de Requisitos para la gestión de documentos electrónicos | L46: La Entidad implementa y realiza seguimiento y control del Modelo de Requisitos para la gestión de documentos electrónicos revisando que las funcionalidades actuales respondan a las necesidades específicas de entidad. | M46: =IF(L46="","",INDEX(Niveles,MATCH(MID('MGDA reporte I-2026 con justif'!L46,1,180),Listas!$E$2:$E$271,0),1)) -> AVANZADO 1 | N46: =IFERROR(INDEX(PARAMETROS!$E$15:$E$19,MATCH(M46,PARAMETROS!$A$15:$A$19,0),1), "") -> 94 | O46: 94 | P46: 94 | Q46: =IFERROR(AVERAGE(N46:N52),"") -> 72.142857 | R46: =IFERROR(AVERAGE(O46:O52),"") -> 73 | S46: =IFERROR(AVERAGE(P46:P52),"") -> 73.857143 | T46: Se mantiene en el mismo nivel | V46: Wiilliam Forero | W46: El último informe del MODELO DE REQUISITOS PARA LA IMPLEMENTACIÓN DE UN SISTEMA DE GESTIÓN DE DOCUMENTOS ELECTRÓNICOS DE ARCHIVO MOREQ, se reportó en el primer trimestre de 2026, para lo cual el registro de avance sigue igual (74,7%), considerando que en este primer semestre se mantuvieron iguales las funcionalidades del SGDEA (EPX) en lo que respeta a la gestión de comunicaciones oficiales. Actualmente, en el marco de un nuevo contrato con la empresa proveedora Evolution EPX, nos encontramos en proceso de prueba, para una nueva versión del aplicativo, a partir de lo cual se podrían generar nuevos avances frente a la gestión de comunicaciones oficiales. | X46: 20260330_Inf_Tr_MOREQ
J47: 2 | K47: Sistema de Gestión de Documentos Electrónicos de Archivo | L47: La Entidad cuenta con un sistema de gestión de documentos electrónicos de archivo para la administración, trámite y preservación de sus expedientes y documentos electrónicos que responde a las necesidades de la Entidad y sus instrumentos archivísticos. | M47: =IF(L47="","",INDEX(Niveles,MATCH(MID('MGDA reporte I-2026 con justif'!L47,1,180),Listas!$E$2:$E$271,0),1)) -> INTERMEDIO | N47: =IFERROR(INDEX(PARAMETROS!$E$15:$E$19,MATCH(M47,PARAMETROS!$A$15:$A$19,0),1), "") -> 79 | O47: 79 | P47: 79 | T47: Se mantiene en el mismo nivel | V47: Wiilliam Forero | W47: Si se cuenta con Sistema de Gestión de Documentos Electrónicos de Archivo en proceso de implementación de acuerdo a MOREQ e informes de implementación | X47: 20260331_Inf_Impl_SGDEA
J48: 3 | K48: Digitalización | L48: La Entidad cuenta con procedimientos técnicos definidos para cada tipo de digitalización existente. | M48: =IF(L48="","",INDEX(Niveles,MATCH(MID('MGDA reporte I-2026 con justif'!L48,1,180),Listas!$E$2:$E$271,0),1)) -> AVANZADO 1 | N48: =IFERROR(INDEX(PARAMETROS!$E$15:$E$19,MATCH(M48,PARAMETROS!$A$15:$A$19,0),1), "") -> 94 | O48: 79 | P48: 85 | T48: Se avanza al siguiente nivel | V48: Wiilliam Forero | W48: Se cuenta con el Programa de Reprografía (2024) que en su numeral "7.3 Digitalización" da indicaciones para los procesos de digitalización. Actualmente se encuentra en curso un proceso de actualización del documento. | X48: 20240401_ProgramReprog 20260616_ProgramReprogBorrad
J49: 4 | K49: Esquema de Metadatos | L49: La Entidad ha establecido el esquema de metadatos para la gestión de documentos electrónicos. | M49: =IF(L49="","",INDEX(Niveles,MATCH(MID('MGDA reporte I-2026 con justif'!L49,1,180),Listas!$E$2:$E$271,0),1)) -> AVANZADO 1 | N49: =IFERROR(INDEX(PARAMETROS!$E$15:$E$19,MATCH(M49,PARAMETROS!$A$15:$A$19,0),1), "") -> 94 | O49: 94 | P49: 94 | T49: Se mantiene en el mismo nivel | V49: Wiilliam Forero | W49: Actualmente existe una versión aprobada y publicada en página Web del Esquema de Metadatos de la entidad | X49: 20240930_Esquema_Metadatos_MJD
J50: 5 | K50: Sistema de Preservación Digital | L50: La Entidad carece de un repositorio digital, depósito digital o similar para organizar un archivo digital, y no se ha definido un modelo de requisitos de un Sistema de Preservación Digital | M50: =IF(L50="","",INDEX(Niveles,MATCH(MID('MGDA reporte I-2026 con justif'!L50,1,180),Listas!$E$2:$E$271,0),1)) -> INICIAL | N50: 0 | O50: 0 | P50: 0 | T50: Se mantiene en el mismo nivel | V50: Wiilliam Forero | W50: No se cuenta con un repositorio específico para la Preservación Digital a Largo Plazo | X50: N.A. | Y50: revisar con yineth si se va a tener en cuenta lo que hizo aguja y no se quiere usar
J51: 6 | K51: Almacenamiento en la nube | L51: La entidad hace uso de servicios de almacenamiento en la nube, pero sin aplicar los lineamientos de gestión documental | M51: =IF(L51="","",INDEX(Niveles,MATCH(MID('MGDA reporte I-2026 con justif'!L51,1,180),Listas!$E$2:$E$271,0),1)) -> BÁSICO | N51: =IFERROR(INDEX(PARAMETROS!$E$15:$E$19,MATCH(M51,PARAMETROS!$A$15:$A$19,0),1), "") -> 65 | O51: 65 | P51: 65 | T51: Se mantiene en el mismo nivel | V51: Wiilliam Forero | W51: Según el PETI, (3.5.3.2 Servicios en la nube) existen servidores dispuestos en la nube de Microsoft (AZURE) como infraestructura como servicio y plataforma como servicio. | X51: 20231230_PETI_MJD_2024_2026_V1
J52: 7 | K52: Repositorios digitales | L52: La entidad cuenta con repositorios digitales que hacen parte de los sistemas de información institucionales y son usados para el almacenamiento de documentos en la etapa de gestión. | M52: =IF(L52="","",INDEX(Niveles,MATCH(MID('MGDA reporte I-2026 con justif'!L52,1,180),Listas!$E$2:$E$271,0),1)) -> INTERMEDIO | N52: =IFERROR(INDEX(PARAMETROS!$E$15:$E$19,MATCH(M52,PARAMETROS!$A$15:$A$19,0),1), "") -> 79 | O52: 100 | P52: 100 | T52: Se mantiene en el mismo nivel | V52: Wiilliam Forero | W52: Según el PETI (3.5.3.3 Servidores de Almacenamiento) Para los servicios de almacenamiento de los sistemas de información se cuenta con cuatro servidores que sustentan la red de área de almacenamiento y dos servidores en AZURE, | X52: 20231230_PETI_MJD_2024_2026_V1
I53: Seguridad y privacidad | J53: 1 | K53: Articulación con Políticas de Seguridad de Información | L53: La entidad realiza procesos de mejora continúa actualizando los aspectos que sean necesarios para la seguridad de información contenida en documentos electrónicos de archivo, dentro de las políticas del Sistema de Gestión de Seguridad de Información. | M53: =IF(L53="","",INDEX(Niveles,MATCH(MID('MGDA reporte I-2026 con justif'!L53,1,180),Listas!$E$2:$E$271,0),1)) -> AVANZADO 2 | N53: =IFERROR(INDEX(PARAMETROS!$E$15:$E$19,MATCH(M53,PARAMETROS!$A$15:$A$19,0),1), "") -> 100 | O53: 100 | P53: 100 | Q53: =IFERROR(AVERAGE(N53:N54),"") -> 89.5 | R53: =IFERROR(AVERAGE(O53:O54),"") -> 89.5 | S53: =IFERROR(AVERAGE(P53:P54),"") -> 89.5 | T53: Se mantiene en el mismo nivel | V53: William Forero Luisa Bonilla | W53: Desde la Política de Seguridad de la Información de la entidad, se asegura la gestión periodica para la seguridad de la información de los documentos electrónicos de archivo. Apartados: CONTROL DE TRANSFERENCIA DE LA INFORMACIÓN, PROTECCIÓN DE REGISTROS Y DATOS PERSONALES, PERIMETRO DE SEGURIDAD, ENTRADA FÍSICA Y MONITOREO, PROTECCIÓN CONTRA AMENAZAS FÍSICAS Y AMBIENTALES. Así mismo, a través de las capacitaciones de documento electrónico se insta a los usuarios a la implementación de controles de acceso a los documentos que se albergan en repositorios de nube y carpetas compartidas. | X53: 20241226_Politica_SeguridadInf 20260528_Pres_Cap_Lin_DocElec
J54: 2 | K54: Copia de seguridad archivo digital | L54: La Entidad cuenta con estrategias de migración para datos en soportes heterogéneos (discos ópticos, discos duros, etc.) y realiza migración del contenido a otro soporte dentro del sistema de almacenamiento. | M54: =IF(L54="","",INDEX(Niveles,MATCH(MID('MGDA reporte I-2026 con justif'!L54,1,180),Listas!$E$2:$E$271,0),1)) -> INTERMEDIO | N54: =IFERROR(INDEX(PARAMETROS!$E$15:$E$19,MATCH(M54,PARAMETROS!$A$15:$A$19,0),1), "") -> 79 | O54: 79 | P54: 79 | T54: Se mantiene en el mismo nivel | V54: William Forero Luisa Bonilla | W54: Desde la Política de Seguridad de la Información de la entidad, se asegura la gestión periodica de copias de seguridad de la documentación que en soporte electrónico de genera diariamente en la entidad. Apartados: PROTECCIÓN DE REGISTROS Y DATOS PERSONALES "la Subdirección de Tecnología y Sistemas de Información tiene la tarea de custodiar la información, lo que implica mantener la seguridad de los datos y gestionar la programación de copias de seguridad de manera uniforme para todas las bases de datos según lo establecido en el procedimiento P-TI-04 “Respaldo y Restauración de los sistemas de Información” | X54: 20241226_Politica_SeguridadInf | Y54: validar con yineth por que acá habla de discos opticos, usb, entre otros. validar 2025 II semestre y este
I55: Interoperabilidad | J55: 1 | K55: Político - legal | L55: La entidad cuenta con todos los acuerdos para el intercambio de documentos electrónicos con otras entidades y existe normatividad para todos los servicios de intercambio | M55: =IF(L55="","",INDEX(Niveles,MATCH(MID('MGDA reporte I-2026 con justif'!L55,1,180),Listas!$E$2:$E$271,0),1)) -> INTERMEDIO | N55: =IFERROR(INDEX(PARAMETROS!$E$15:$E$19,MATCH(M55,PARAMETROS!$A$15:$A$19,0),1), "") -> 79 | O55: 79 | P55: 79 | Q55: =IFERROR(AVERAGE(N55:N57),"") -> 84 | R55: =IFERROR(AVERAGE(O55:O57),"") -> 79 | S55: =IFERROR(AVERAGE(P55:P57),"") -> 79 | T55: Se mantiene en el mismo nivel | V55: William Forero Luisa Bonilla | W55: La entidad aborda la temática de la interoperabilidad en sus diferentes frentes, a través de Plan Estratégico de Tecnología de la Información (PETI) 2024-2026, principalmente, en el numeral “4.3.5.2 Alternativas de integración al Marco de Interoperabilidad del MinTIC”; no obstante, esta temática y su aplicación se desarrolla en todo el documento. | X55: 20231230_PETI_MJD_2024_2026_V1
J56: 2 | K56: Semántico | L56: La entidad aplica un lenguaje común de intercambio y lo utiliza en todos los servicios de intercambio de información para la construcción de expedientes electrónicos, adicional cuenta con la documentación completa de los servicios de intercambio | M56: =IF(L56="","",INDEX(Niveles,MATCH(MID('MGDA reporte I-2026 con justif'!L56,1,180),Listas!$E$2:$E$271,0),1)) -> INTERMEDIO | N56: =IFERROR(INDEX(PARAMETROS!$E$15:$E$19,MATCH(M56,PARAMETROS!$A$15:$A$19,0),1), "") -> 79 | O56: 79 | P56: 79 | T56: Disminuye de nivel | V56: William Forero Luisa Bonilla | W56: La entidad aborda la temática de la interoperabilidad en sus diferentes frentes, a través de Plan Estratégico de Tecnología de la Información (PETI) 2024-2026, principalmente, en el numeral “4.3.5.2 Alternativas de integración al Marco de Interoperabilidad del MinTIC”; no obstante, esta temática y su aplicación se desarrolla en todo el documento. | X56: 20231230_PETI_MJD_2024_2026_V1
J57: 3 | K57: Técnico | L57: La Entidad realiza seguimiento y control a la infraestructura tecnológica para el intercambio de información a través de la revisión de la documentación asociada y al cumplimiento de los servicios de intercambio | M57: =IF(L57="","",INDEX(Niveles,MATCH(MID('MGDA reporte I-2026 con justif'!L57,1,180),Listas!$E$2:$E$271,0),1)) -> AVANZADO 1 | N57: =IFERROR(INDEX(PARAMETROS!$E$15:$E$19,MATCH(M57,PARAMETROS!$A$15:$A$19,0),1), "") -> 94 | O57: 79 | P57: 79 | T57: Se mantiene en el mismo nivel | V57: William Forero Luisa Bonilla | W57: La entidad aborda la temática de la interoperabilidad en sus diferentes frentes, a través de Plan Estratégico de Tecnología de la Información (PETI) 2024-2026, principalmente, en el numeral “4.3.5.2 Alternativas de integración al Marco de Interoperabilidad del MinTIC”; no obstante, esta temática y su aplicación se desarrolla en todo el documento. | X57: 20231230_PETI_MJD_2024_2026_V1 | Y57: Validar con yineth
F58: CULTURAL | I58: Gestión del conocimiento | J58: 1 | K58: Programa de Gestión del Conocimiento | L58: La entidad realiza seguimiento y control a su Programa de Gestión del Conocimiento a través de los procesos de auditoría para la identificación, capitalización, aprovechamiento de la información y documentación en todos los ámbitos de su proceso evolutivo. | M58: =IF(L58="","",INDEX(Niveles,MATCH(MID('MGDA reporte I-2026 con justif'!L58,1,180),Listas!$E$2:$E$271,0),1)) -> AVANZADO 1 | N58: =IFERROR(INDEX(PARAMETROS!$E$15:$E$19,MATCH(M58,PARAMETROS!$A$15:$A$19,0),1), "") -> 94 | O58: =IFERROR(INDEX(PARAMETROS!$E$15:$E$19,MATCH(N58,PARAMETROS!$A$15:$A$19,0),1), "") | Q58: =IFERROR(AVERAGE(N58:N60),"") -> 89 | R58: =IFERROR(AVERAGE(O58:O60),"") -> 94 | S58: =IFERROR(AVERAGE(P58:P60),"") -> 94 | T58: Se mantiene en el mismo nivel | V58: Yineth Gonzalez-Andres Bustos | Y58: Validar con yineth
J59: 2 | K59: Memoria Institucional | L59: La entidad elabora la memoria institucional con datos la estructura orgánica de la entidad, localización física, responsables, organización y servicios en las diferentes etapas del ciclo vital de los documentos. | M59: =IF(L59="","",INDEX(Niveles,MATCH(MID('MGDA reporte I-2026 con justif'!L59,1,180),Listas!$E$2:$E$271,0),1)) -> INTERMEDIO | N59: =IFERROR(INDEX(PARAMETROS!$E$15:$E$19,MATCH(M59,PARAMETROS!$A$15:$A$19,0),1), "") -> 79 | O59: 94 | P59: 94 | T59: Se mantiene en el mismo nivel | V59: Jorge Quiroga | W59: Durante este semestre se realizaron visitas sobre los documentos de Archivos en estado natural descentralizados y se entregaron a las dependencias
J60: 3 | K60: Archivos Históricos | L60: La entidad realiza seguimiento y control a las acciones de identificación, conservación y promoción de la documentación con significación histórica. | M60: =IF(L60="","",INDEX(Niveles,MATCH(MID('MGDA reporte I-2026 con justif'!L60,1,180),Listas!$E$2:$E$271,0),1)) -> AVANZADO 1 | N60: =IFERROR(INDEX(PARAMETROS!$E$15:$E$19,MATCH(M60,PARAMETROS!$A$15:$A$19,0),1), "") -> 94 | O60: 94 | P60: 94 | T60: Se avanza al siguiente nivel | V60: Omaira Huertas | W60: Durante este semestre se avanzó en la revisión técnica y análisis de los registros documentales identificados en el fondo de la Dirección Nacional de Estupefacientes, aplicando los criterios metodológicos establecidos para el READH. Este ejercicio se desarrolló de manera articulada con el Centro Nacional de Memoria Histórica y comprendió los siete (7) períodos documentales definidos en las Tablas de Valoración Documental (TVD) de la DNE. | X60: 20260619_Instrumento READH_Fondo DNE
I61: Redes culturales | J61: 1 | K61: Redes culturales | L61: La entidad implementa redes de servicios culturales teniendo en cuenta el principio de cooperación interinstitucional entre las diferentes instancias y espacios de concertación que integran el Sistema Nacional de Cultura. | M61: =IF(L61="","",INDEX(Niveles,MATCH(MID('MGDA reporte I-2026 con justif'!L61,1,180),Listas!$E$2:$E$271,0),1)) -> INTERMEDIO | N61: =IFERROR(INDEX(PARAMETROS!$E$15:$E$19,MATCH(M61,PARAMETROS!$A$15:$A$19,0),1), "") -> 79 | O61: =IFERROR(INDEX(PARAMETROS!$E$15:$E$19,MATCH(N61,PARAMETROS!$A$15:$A$19,0),1), "") | Q61: =IFERROR(AVERAGE(N61:N64),"") -> 86.5 | R61: =IFERROR(AVERAGE(O61:O64),"") -> 65 | S61: =IFERROR(AVERAGE(P61:P64),"") | T61: Se mantiene en el mismo nivel | W61: En el ´primer semestre del 2026 la Entidad implementa el serivicio de comunicación con el AGN participando en algunos de los comites de archvo como son: Organización y **** | Y61: Complemantar con Yineth
J62: 2 | K62: Rendición de cuentas | L62: La entidad realiza seguimiento y control a los mecanismos de rendición de cuentas para dar respuesta a las inquietudes de la ciudadanía. | M62: =IF(L62="","",INDEX(Niveles,MATCH(MID('MGDA reporte I-2026 con justif'!L62,1,180),Listas!$E$2:$E$271,0),1)) -> AVANZADO 1 | N62: =IFERROR(INDEX(PARAMETROS!$E$15:$E$19,MATCH(M62,PARAMETROS!$A$15:$A$19,0),1), "") -> 94 | O62: =IFERROR(INDEX(PARAMETROS!$E$15:$E$19,MATCH(N62,PARAMETROS!$A$15:$A$19,0),1), "") | T62: Se mantiene en el mismo nivel | V62: Yineth Gonzalez | Y62: Pendiente diligenciar Yineth "Se mantiene el nivel de conformidad al seguimiento y la respuesta a las consultas ciudadanas del PAI, gestionadas por el GGD. "
J63: 3 | K63: Mecanismos de Difusión | L63: La entidad implementa mecanismos para divulgar los asuntos y temáticas contenidos en sus documentos y archivos en aras de persuadir a los usuarios y a la comunidad a hacer uso de ello. | M63: =IF(L63="","",INDEX(Niveles,MATCH(MID('MGDA reporte I-2026 con justif'!L63,1,180),Listas!$E$2:$E$271,0),1)) -> INTERMEDIO | N63: =IFERROR(INDEX(PARAMETROS!$E$15:$E$19,MATCH(M63,PARAMETROS!$A$15:$A$19,0),1), "") -> 79 | O63: 65 | T63: Se mantiene en el mismo nivel | V63: Rodrigo Delgado(asistencias) Maritza Gonzalez (Comunicados) Andres Bustos(PIC) | W63: El memorando de programación de visitas de seguimiento semestral a los archivos de gestión es un mecanismo importante de difusión y apoyo, ya que permite reforzar directamente los lineamientos establecidos, aclarar dudas y verificar que los instrumentos archivísticos se apliquen correctamente en cada dependencia. PIC El Plan Institucional de Capacitación PIC es un mecanismo importante de difusión, ya que permite socializar y fortalecer el conocimiento sobre los lineamientos, instrumentos, productos y servicios que dispone el archivo, promoviendo su correcta aplicación en las dependencias. A través de las capacitaciones se unifican criterios técnicos, se resuelven dudas y se fortalece la cultura archivística institucional, contribuyendo al adecuado manejo, organización, conservación y preservación de los documentos conforme a la normatividad archivística vigente. | X63: Asistencias técnicas y plan de capacitación
J64: 4 | K64: Acceso y Consulta de la Información | L64: La entidad realiza seguimiento y control a las estrategias de acceso y consulta de la información contenida en sus documentos de archivo de tal forma que se logre la optimización de sus canales de atención. | M64: =IF(L64="","",INDEX(Niveles,MATCH(MID('MGDA reporte I-2026 con justif'!L64,1,180),Listas!$E$2:$E$271,0),1)) -> AVANZADO 1 | N64: =IFERROR(INDEX(PARAMETROS!$E$15:$E$19,MATCH(M64,PARAMETROS!$A$15:$A$19,0),1), "") -> 94 | O64: =IFERROR(INDEX(PARAMETROS!$E$15:$E$19,MATCH(N64,PARAMETROS!$A$15:$A$19,0),1), "") | T64: Se avanza al siguiente nivel | V64: Xiomara Cabrera | W64: Si, a través del Grupo de Gestión Documental realiza validación y actualización de los instrumentos archivísticos que se encuentran publicados en la página web de Ministerio, realizando actualización de aquella que tiene un tiempo establecido de publicación
I65: Protección del ambiente | J65: 1 | K65: Plan Institucional de Gestión Ambiental | L65: La entidad implementa estrategias para generar una cultura ambiental a través de procedimientos y medidas relacionadas con el medio ambiente en los diferentes procesos y actividades de la gestión documental y la administración de archivos. | M65: =IF(L65="","",INDEX(Niveles,MATCH(MID('MGDA reporte I-2026 con justif'!L65,1,180),Listas!$E$2:$E$271,0),1)) -> INTERMEDIO | N65: =IFERROR(INDEX(PARAMETROS!$E$15:$E$19,MATCH(M65,PARAMETROS!$A$15:$A$19,0),1), "") -> 79 | O65: =IFERROR(INDEX(PARAMETROS!$E$15:$E$19,MATCH(N65,PARAMETROS!$A$15:$A$19,0),1), "") | Q65: =IFERROR(AVERAGE(N65),"") -> 79 | R65: =IFERROR(AVERAGE(O65),"") | S65: =IFERROR(AVERAGE(P65),"") | T65: Se mantiene en el mismo nivel | V65: Xiomara Cabrera ( por definir responsable) | W65: Dentro de los documentos del SIG siempre se busca establecer el proceso contribuyendo con el medio ambiente | Y65: Validar con yineth

Sheet Hoja1
A2: AUTODIAGNÓSTICO POLÍTICA DE GESTIÓN DOCUMENTAL
A4: ENTIDAD | H4: CALIFICACIÓN TOTAL | J4: NIVEL DE MADUREZ | L4: JUSTIFICACIÓN
H5: =AVERAGE(L11:L64) -> 64.325 | J5: =IF(H5="","",IF(AND(H5=0),"Inicial",IF(AND(H5>0,H5<=65),"Básico",IF(AND(H5>=66,H5<=79),"Intermedio",IF(AND(H5>=80,H5<=94),"Avanzado 1",IF(AND(H5>=95,H5<=100),"Avanzado 2","")))))) -> Básico | L5: =VLOOKUP(J5,PARAMETROS!#REF!,2,FALSE) -> #REF!
A9: COMPONENTES | B9: CALIFICACIÓN | C9: Peso | D9: CATEGORÍAS | E9: CALIFICACIÓN | F9: Peso | G9: SUBCOMPONENTE | H9: PRODUCTO | I9: ACTIVIDADES DE GESTIÓN | J9: NIVEL | K9: PUNTAJE | L9: CALIFICACIÓN PROMEDIO | M9: OBSERVACIONES
A11: Gestión Documental | C11: 0.3 | D11: ESTRATÉGICO | E11: =(+(J11*15)+(#REF!*10)+(J12*15)+(J13*20)+(J44*20)+(#REF!*20))/100 -> #VALUE! | F11: La Entidad cuenta con una Política de Gestión Documental | G11: Planeación de la funcion archivística | H11: Diagnóstico de archivos | I11: La entidad cuenta con el documento diagnóstico integral de archivos el cual incluye los aspectos archivísticos, de administración, conservación, infraestructura y tecnología. | J11: =IF(I11="","",VLOOKUP(I11,Listas!$B$2:$C$271,2,0)) -> INTERMEDIO | K11: =IFERROR(INDEX(PARAMETROS!$E$15:$E$19,MATCH(J11,PARAMETROS!$A$15:$A$19,0),1), "") -> 79 | L11: =IFERROR(AVERAGE(K11:K17),"") -> 67.166667
F12: Elaboración y utilización del Diagnóstico Integral de Archivos | H12: Política de Gestión Documental | I12: La entidad se encuentra elaborando la política de gestión documental de acuerdo con los lineamientos establecidos por el Archivo General de la Nación. | J12: =IF(I12="","",VLOOKUP(I12,Listas!$B$2:$C$271,2,0)) -> BÁSICO | K12: =IFERROR(INDEX(PARAMETROS!$E$15:$E$19,MATCH(J12,PARAMETROS!$A$15:$A$19,0),1), "") -> 65
F13: Frente al proceso de la planeación de la función archivística, elaboración y aprobación en instancias del Comité Institucional de Desarrollo Administrativo, del Plan institucional de archivos - PINAR e inclusión de actividades de gestión documental en planeación de la entidad. | H13: Programa de Gestión Documental - PGD. | I13: La entidad implementa y aprueba el Programa de Gestión Documental y en este se incorpora los lineamientos de los procesos archivísticos, encaminados a la planificación, procesamiento, manejo y organización de la documentación producida y recibida, desde su origen hasta su destino final, también incluye los programas específicos de acuerdo con las necesidades de la entidad. | J13: =IF(I13="","",VLOOKUP(I13,Listas!$B$2:$C$271,2,0)) -> #VALUE! | K13: =IFERROR(INDEX(PARAMETROS!$E$15:$E$19,MATCH(J13,PARAMETROS!$A$15:$A$19,0),1), "") | O13: =INDEX(Listas!B2:B271,MATCH(I13,Listas!B2:C271,0),1) -> #VALUE! | Q13: =MATCH(I13,Listas!B2:C271,0) -> #VALUE!
H14: Plan Institucional de Archivos - PINAR | I14: La entidad realiza seguimiento y control al Plan Institucional de Archivos, a través de instrumentos de medición, para garantizar el cumplimiento de los planes y proyectos. | J14: =IF(I14="","",VLOOKUP(I14,Listas!$B$2:$C$271,2,0)) -> AVANZADO 1 | K14: =IFERROR(INDEX(PARAMETROS!$E$15:$E$19,MATCH(J14,PARAMETROS!$A$15:$A$19,0),1), "") -> 94
H15: Sistema Integrado de Conservación - SIC | I15: la entidad realiza los procesos de mejora al sistema integrado de acuerdo con los hallazgos realizados durante el proceso de control y seguimiento. | J15: =IF(I15="","",VLOOKUP(I15,Listas!$B$2:$C$271,2,0)) -> AVANZADO 2 | K15: =IFERROR(INDEX(PARAMETROS!$E$15:$E$19,MATCH(J15,PARAMETROS!$A$15:$A$19,0),1), "") -> 100
H16: Plan de análisis de procesos y procedimientos de la producción documental | I16: La entidad carece de un plan de análisis de procesos y procedimientos de la producción documental. | J16: =IF(I16="","",VLOOKUP(I16,Listas!$B$2:$C$271,2,0)) -> INICIAL | K16: =IFERROR(INDEX(PARAMETROS!$E$15:$E$19,MATCH(J16,PARAMETROS!$A$15:$A$19,0),1), "") -> 0
H17: Matriz de Riesgos en Gestión Documental | I17: La entidad está desarrollando y articula la matriz de riegos en gestión documental, con la dependencia responsable de su gestión. | J17: =IF(I17="","",VLOOKUP(I17,Listas!$B$2:$C$271,2,0)) -> BÁSICO | K17: =IFERROR(INDEX(PARAMETROS!$E$15:$E$19,MATCH(J17,PARAMETROS!$A$15:$A$19,0),1), "") -> 65
G18: Planeación estratégica | H18: Articulación de la Gestión Documental con el Plan Estratégico Institucional | I18: La entidad carece de lineamientos para la articulación de la gestión documental con el plan estratégico institucional. | J18: =IF(I18="","",VLOOKUP(I18,Listas!$B$2:$C$271,2,0)) -> INICIAL | K18: =IFERROR(INDEX(PARAMETROS!$E$15:$E$19,MATCH(J18,PARAMETROS!$A$15:$A$19,0),1), "") -> 0 | L18: =IFERROR(AVERAGE(K18:K19),"") -> 32.5
H19: Articulación de la Gestión Documental con Políticas del Modelo Integrado de Planeación y Gestión - MIPG | I19: La entidad está desarrollando la articulación de la política de gestión documental, con el apoyo del autodiagnóstico de MIPG. | J19: =IF(I19="","",VLOOKUP(I19,Listas!$B$2:$C$271,2,0)) -> BÁSICO | K19: =IFERROR(INDEX(PARAMETROS!$E$15:$E$19,MATCH(J19,PARAMETROS!$A$15:$A$19,0),1), "") -> 65
G20: Control, evaluación y seguimiento | H20: Indicadores de Gestión | I20: La entidad realiza seguimiento y control a los planes de mejoramiento a través del instrumento de medición, con el fin de garantizar el cumplimiento y desarrollo de los planes y proyectos propuestos en el PINAR. | J20: =IF(I20="","",VLOOKUP(I20,Listas!$B$2:$C$271,2,0)) -> AVANZADO 1 | K20: =IFERROR(INDEX(PARAMETROS!$E$15:$E$19,MATCH(J20,PARAMETROS!$A$15:$A$19,0),1), "") -> 94 | L20: =IFERROR(AVERAGE(K20:K22),"") -> 89
G21: Control, evaluación y seguimiento | H21: Informes de Gestión | I21: La entidad a través de la oficina de planeación, o quien haga sus veces, recepciona los informes de gestión del avance a las actividades de la función archivística. | J21: =IF(I21="","",VLOOKUP(I21,Listas!$B$2:$C$271,2,0)) -> INTERMEDIO | K21: =IFERROR(INDEX(PARAMETROS!$E$15:$E$19,MATCH(J21,PARAMETROS!$A$15:$A$19,0),1), "") -> 79
H22: Programa de Auditoría y Control | I22: La entidad realiza seguimiento y control a la función archivística a través del Programa de auditoría y control, con el fin de garantizar el cumplimiento y desarrollo de los planes y proyectos propuestos en el PINAR y PGD. | J22: =IF(I22="","",VLOOKUP(I22,Listas!$B$2:$C$271,2,0)) -> AVANZADO 1 | K22: =IFERROR(INDEX(PARAMETROS!$E$15:$E$19,MATCH(J22,PARAMETROS!$A$15:$A$19,0),1), "") -> 94
D23: ADMINISTRACIÓN DE ARCHIVOS | G23: Administración | H23: Planeación de la Administración de archivos | I23: La entidad desarrolla estrategias de innovación, empoderamiento, autogestión, con el fin de cumplir me manera más eficaz la política archivística y administración de los fondos documentales. | J23: =IF(I23="","",VLOOKUP(I23,Listas!$B$2:$C$271,2,0)) -> AVANZADO 2 | K23: =IFERROR(INDEX(PARAMETROS!$E$15:$E$19,MATCH(J23,PARAMETROS!$A$15:$A$19,0),1), "") -> 100 | L23: =IFERROR(AVERAGE(K23),"") -> 100
G24: Recursos físicos | H24: Infraestructura Locativa | I24: La entidad carece de una infraestructura locativa adecuada para la custodia de sus archivos. | J24: =IF(I24="","",VLOOKUP(I24,Listas!$B$2:$C$271,2,0)) -> INICIAL | K24: =IFERROR(INDEX(PARAMETROS!$E$15:$E$19,MATCH(J24,PARAMETROS!$A$15:$A$19,0),1), "") -> 0 | L24: =IFERROR(AVERAGE(K24),"") -> 0
G25: Talento humano | H25: Gestión Humana | I25: La entidad está desarrollando estrategias para definir perfiles y competencias laborales para el personal relacionado con el cumplimiento de la función archivística y administración de archivos. | J25: =IF(I25="","",VLOOKUP(I25,Listas!$B$2:$C$271,2,0)) -> BÁSICO | K25: =IFERROR(INDEX(PARAMETROS!$E$15:$E$19,MATCH(J25,PARAMETROS!$A$15:$A$19,0),1), "") -> 65 | L25: =IFERROR(AVERAGE(K25:K26),"") -> 72
H26: Capacitación en Gestión Documental | I26: La entidad implementa el plan de capacitación con los temas propuestos por el área de gestión documental o quien haga sus veces, que facilitan el cumplimiento de la función archivística. | J26: =IF(I26="","",VLOOKUP(I26,Listas!$B$2:$C$271,2,0)) -> INTERMEDIO | K26: =IFERROR(INDEX(PARAMETROS!$E$15:$E$19,MATCH(J26,PARAMETROS!$A$15:$A$19,0),1), "") -> 79
G27: Gestión en seguridad y salud ocupacional | H27: Aseguramiento de las Condiciones de Trabajo | I27: La entidad realiza seguimiento y control a su sistema de Gestión y seguridad en el trabajo donde se verifican las condiciones establecidas para los encargados de la Gestión Documental | J27: =IF(I27="","",VLOOKUP(I27,Listas!$B$2:$C$271,2,0)) -> AVANZADO 1 | K27: =IFERROR(INDEX(PARAMETROS!$E$15:$E$19,MATCH(J27,PARAMETROS!$A$15:$A$19,0),1), "") -> 94 | L27: =IFERROR(AVERAGE(K27),"") -> 94
D28: PROCESOS DE LA GESTION DOCUMENTAL | G28: Planeación (Técnica) | H28: Diseño y Creación de Documentos | I28: La entidad realiza procesos de mejora continua a los lineamientos para el diseño y creación de documentos a partir de las validaciones en las dependencias, incorporando ajustes en los casos necesarios bajo la garantía del cumplimiento del contexto administrativo, legal, funcional y técnico y en especial, para la optimización de la gestión de la información y la documentación | J28: =IF(I28="","",VLOOKUP(I28,Listas!$B$2:$C$271,2,0)) -> #VALUE! | K28: =IFERROR(INDEX(PARAMETROS!$E$15:$E$19,MATCH(J28,PARAMETROS!$A$15:$A$19,0),1), "") | L28: =IFERROR(AVERAGE(K28:K32),"") -> 79.333333
H29: Documentos Especiales | I29: La entidad carece de medidas que orienten la producción de los documentos en medios especiales, garantizando aspectos legales, funcionales y administrativos, así como acciones particulares para su conservación o preservación de acuerdo con el medio empleado. | J29: =IF(I29="","",VLOOKUP(I29,Listas!$B$2:$C$271,2,0)) -> #VALUE! | K29: =IFERROR(INDEX(PARAMETROS!$E$15:$E$19,MATCH(J29,PARAMETROS!$A$15:$A$19,0),1), "")
H30: Cuadro de Clasificación Documental | I30: La entidad se encuentra elaborando el Cuadro de Clasificación Documental - CCD, de acuerdo con los lineamientos establecidos por el Archivo General de la Nación. | J30: =IF(I30="","",VLOOKUP(I30,Listas!$B$2:$C$271,2,0)) -> BÁSICO | K30: =IFERROR(INDEX(PARAMETROS!$E$15:$E$19,MATCH(J30,PARAMETROS!$A$15:$A$19,0),1), "") -> 65
H31: Tablas de Retención Documental | I31: La entidad convalida, registra y adopta en cada una de las dependencias las TRD donde se evidencia que las dependencias inician el proceso de creación y conformación de expedientes para cada una de las series y subseries documentales descritas en ella. | J31: =IF(I31="","",VLOOKUP(I31,Listas!$B$2:$C$271,2,0)) -> INTERMEDIO | K31: =IFERROR(INDEX(PARAMETROS!$E$15:$E$19,MATCH(J31,PARAMETROS!$A$15:$A$19,0),1), "") -> 79
H32: Tablas de Valoración Documental | I32: La entidad realiza seguimiento y control a la aplicación de las TVD, realiza proceso de digitalización de las series a las que les haya dejado establecido dicho proceso especialmente a las de conservación total. | J32: =IF(I32="","",VLOOKUP(I32,Listas!$B$2:$C$271,2,0)) -> AVANZADO 1 | K32: =IFERROR(INDEX(PARAMETROS!$E$15:$E$19,MATCH(J32,PARAMETROS!$A$15:$A$19,0),1), "") -> 94
G33: Producción | H33: Medios y Técnicas de Producción | I33: La entidad realiza procesos de mejora al manual de estilo de acuerdo con el surgimiento de nuevas necesidades detectadas durante el seguimiento y la auto regulación de las diferentes dependencias. | J33: =IF(I33="","",VLOOKUP(I33,Listas!$B$2:$C$271,2,0)) -> AVANZADO 2 | K33: =IFERROR(INDEX(PARAMETROS!$E$15:$E$19,MATCH(J33,PARAMETROS!$A$15:$A$19,0),1), "") -> 100 | L33: =IFERROR(AVERAGE(K33:K34),"") -> 100
H34: Reprografía | I34: La entidad da inicio al proceso de elaboración de un programa de reprografía previamente aprobado y avalado por la instancia correspondiente que prioriza y garantiza que la documentación cuenta con un respaldo que permite su recuperación a lo largo del tiempo mediante procesos adecuados de preservación. | J34: =IF(I34="","",VLOOKUP(I34,Listas!$B$2:$C$271,2,0)) -> #VALUE! | K34: =IFERROR(INDEX(PARAMETROS!$E$15:$E$19,MATCH(J34,PARAMETROS!$A$15:$A$19,0),1), "")
G35: Gestión y trámite | H35: Registro y Distribución de Documentos (trámite) | I35: La entidad desarrolla manual de procedimientos que establezca el control, seguimiento y consulta de las comunicaciones oficiales enviadas y recibidas y establece los diferentes canales para ello, además de que se cuente con un responsable de la oficina de correspondencia. | J35: =IF(I35="","",VLOOKUP(I35,Listas!$B$2:$C$271,2,0)) -> #VALUE! | K35: =IFERROR(INDEX(PARAMETROS!$E$15:$E$19,MATCH(J35,PARAMETROS!$A$15:$A$19,0),1), "") | L35: =IFERROR(AVERAGE(K35),"")
G36: Organización | H36: Descripción Documental | I36: La entidad implementa el procedimiento de descripción documental que facilita el desarrollo de instrumentos de descripción como censos, guía, manuales. | J36: =IF(I36="","",VLOOKUP(I36,Listas!$B$2:$C$271,2,0)) -> INTERMEDIO | K36: =IFERROR(INDEX(PARAMETROS!$E$15:$E$19,MATCH(J36,PARAMETROS!$A$15:$A$19,0),1), "") -> 79 | L36: =IFERROR(AVERAGE(K36),"") -> 79
G37: Transferencias | H37: Plan de Transferencias Documentales | I37: La entidad realiza control y seguimiento a los cronogramas de transferencias documentales con el fin de identificar que se esté realizando en los tiempos y metodologías definidas en el plan, igualmente garantiza que los documentos producidos o reproducidos en herramientas tecnológicas cuenten con la infraestructura suficiente que garantice los procesos de transferencias primarias o secundarias. La entidad identifica los requisitos necesarios que debe cumplir para realizar las trasferencias electrónicas secundarias a la entidad territorial o nacional según corresponda. | J37: =IF(I37="","",VLOOKUP(I37,Listas!$B$2:$C$271,2,0)) -> #VALUE! | K37: =IFERROR(INDEX(PARAMETROS!$E$15:$E$19,MATCH(J37,PARAMETROS!$A$15:$A$19,0),1), "") | L37: =IFERROR(AVERAGE(K37),"")
G38: Disposición de documentos | H38: Eliminación de Documentos | I38: La entidad realiza mejoras al procedimiento de eliminación documental teniendo en cuenta las actualizaciones de los instrumentos archivísticos que rigen este proceso. | J38: =IF(I38="","",VLOOKUP(I38,Listas!$B$2:$C$271,2,0)) -> AVANZADO 2 | K38: =IFERROR(INDEX(PARAMETROS!$E$15:$E$19,MATCH(J38,PARAMETROS!$A$15:$A$19,0),1), "") -> 100 | L38: =IFERROR(AVERAGE(K38),"") -> 100
G39: Preservación a largo plazo | H39: Plan de Conservación Documental | I39: La entidad carece de un plan de conservación documental. | J39: =IF(I39="","",VLOOKUP(I39,Listas!$B$2:$C$271,2,0)) -> INICIAL | K39: =IFERROR(INDEX(PARAMETROS!$E$15:$E$19,MATCH(J39,PARAMETROS!$A$15:$A$19,0),1), "") -> 0 | L39: =IFERROR(AVERAGE(K39),"") -> 0
H40: Plan de Preservación Digital | I40: La Entidad se encuentra estructurando y documentando actividades para la construcción del Plan de preservación digital a largo plazo siguiendo la normativa de AGN y lo establecido en la Política de Gestión Documental. | J40: =IF(I40="","",VLOOKUP(I40,Listas!$B$2:$C$271,2,0)) -> BÁSICO | K40: =IFERROR(INDEX(PARAMETROS!$E$15:$E$19,MATCH(J40,PARAMETROS!$A$15:$A$19,0),1), "") -> 65 | L40: =IFERROR(AVERAGE(K40),"") -> 65
G41: Valoración | H41: Valores Primarios y Secundarios | I41: La entidad implementa el proceso de valoración documental y garantiza el análisis de las características administrativas, jurídicas, fiscales, contables, informativas e históricas de los documentos que forman parte de una serie o subserie documental adicionalmente tiene en cuenta e identifica los documentos vitales. | J41: =IF(I41="","",VLOOKUP(I41,Listas!$B$2:$C$271,2,0)) -> #VALUE! | K41: =IFERROR(INDEX(PARAMETROS!$E$15:$E$19,MATCH(J41,PARAMETROS!$A$15:$A$19,0),1), "") | L41: =IFERROR(AVERAGE(K41),"")
D42: TECNOLÓGICO | G42: Articulación de la gestión de documentos electrónicos | H42: Gestión de documentos electrónicos en los procesos, procedimientos, trámites o servicios internos | I42: Los procesos, procedimientos, trámites o servicios automatizados se encuentran articulados con el SGDEA de la Entidad | J42: =IF(I42="","",VLOOKUP(I42,Listas!$B$2:$C$271,2,0)) -> AVANZADO 1 | K42: =IFERROR(INDEX(PARAMETROS!$E$15:$E$19,MATCH(J42,PARAMETROS!$A$15:$A$19,0),1), "") -> 94 | L42: =IFERROR(AVERAGE(K42:K44),"") -> 64.666667
H43: Gestión de documentos electrónicos en los canales virtuales de atención externos | I43: La Entidad evalúa periódicamente la articulación de los canales virtuales con el SGDEA. | J43: =IF(I43="","",VLOOKUP(I43,Listas!$B$2:$C$271,2,0)) -> AVANZADO 2 | K43: =IFERROR(INDEX(PARAMETROS!$E$15:$E$19,MATCH(J43,PARAMETROS!$A$15:$A$19,0),1), "") -> 100
F44: Elaboración, aprobación , implementación y publicación del Programa de Gestión Documental - PGD, | H44: Sistemas de información corporativos | I44: La entidad no ha articulado los sistemas de gestión empresarial, las plataformas de gestión de contenidos o sistemas de información transaccional u operacional con los requerimientos de gestión documental existentes. | J44: =IF(I44="","",VLOOKUP(I44,Listas!$B$2:$C$271,2,0)) -> INICIAL | K44: =IFERROR(INDEX(PARAMETROS!$E$15:$E$19,MATCH(J44,PARAMETROS!$A$15:$A$19,0),1), "") -> 0
G45: Tecnologías para la gestión de documentos electrónicos | H45: Modelo de Requisitos para la gestión de documentos electrónicos | I45: La Entidad se encuentra en elaboración del Modelo de requisitos para la gestión de documentos electrónicos conforme a las políticas, procedimientos y prácticas de gestión de documentos electrónicos atendiendo la normativa y las necesidades propias de la Entidad. | J45: =IF(I45="","",VLOOKUP(I45,Listas!$B$2:$C$271,2,0)) -> #VALUE! | K45: =IFERROR(INDEX(PARAMETROS!$E$15:$E$19,MATCH(J45,PARAMETROS!$A$15:$A$19,0),1), "") | L45: =IFERROR(AVERAGE(K45:K51),"") -> 69.5
H46: Sistema de Gestión de Documentos Electrónicos de Archivo | I46: La Entidad cuenta con un sistema de gestión de documentos electrónicos de archivo para la administración, trámite y preservación de sus expedientes y documentos electrónicos que responde a las necesidades de la Entidad y sus instrumentos archivísticos. | J46: =IF(I46="","",VLOOKUP(I46,Listas!$B$2:$C$271,2,0)) -> INTERMEDIO | K46: =IFERROR(INDEX(PARAMETROS!$E$15:$E$19,MATCH(J46,PARAMETROS!$A$15:$A$19,0),1), "") -> 79
H47: Digitalización | I47: La Entidad cuenta con procedimientos técnicos definidos para cada tipo de digitalización existente. | J47: =IF(I47="","",VLOOKUP(I47,Listas!$B$2:$C$271,2,0)) -> AVANZADO 1 | K47: =IFERROR(INDEX(PARAMETROS!$E$15:$E$19,MATCH(J47,PARAMETROS!$A$15:$A$19,0),1), "") -> 94
H48: Esquema de Metadatos | I48: La Entidad mejora y actualiza el esquema de metadatos para la gestión de documentos electrónicos de acuerdo con las necesidades | J48: =IF(I48="","",VLOOKUP(I48,Listas!$B$2:$C$271,2,0)) -> AVANZADO 2 | K48: =IFERROR(INDEX(PARAMETROS!$E$15:$E$19,MATCH(J48,PARAMETROS!$A$15:$A$19,0),1), "") -> 100
H49: Sistema de Preservación Digital | I49: La Entidad carece de un repositorio digital, depósito digital o similar para organizar un archivo digital, y no se ha definido un modelo de requisitos de un Sistema de Preservación Digital | J49: =IF(I49="","",VLOOKUP(I49,Listas!$B$2:$C$271,2,0)) -> INICIAL | K49: =IFERROR(INDEX(PARAMETROS!$E$15:$E$19,MATCH(J49,PARAMETROS!$A$15:$A$19,0),1), "") -> 0
H50: Almacenamiento en la nube | I50: La entidad hace uso de servicios de almacenamiento en la nube, pero sin aplicar los lineamientos de gestión documental | J50: =IF(I50="","",VLOOKUP(I50,Listas!$B$2:$C$271,2,0)) -> BÁSICO | K50: =IFERROR(INDEX(PARAMETROS!$E$15:$E$19,MATCH(J50,PARAMETROS!$A$15:$A$19,0),1), "") -> 65
H51: Repositorios digitales | I51: La entidad cuenta con repositorios digitales que hacen parte de los sistemas de información institucionales y son usados para el almacenamiento de documentos en la etapa de gestión. | J51: =IF(I51="","",VLOOKUP(I51,Listas!$B$2:$C$271,2,0)) -> INTERMEDIO | K51: =IFERROR(INDEX(PARAMETROS!$E$15:$E$19,MATCH(J51,PARAMETROS!$A$15:$A$19,0),1), "") -> 79
G52: Seguridad y privacidad | H52: Articulación con Políticas de Seguridad de Información | I52: La entidad realiza seguimiento y control a las acciones relacionadas con la seguridad de información para documentos electrónicos de archivo, validando lo estipulado en las políticas del Sistema de Gestión Seguridad de Información. | J52: =IF(I52="","",VLOOKUP(I52,Listas!$B$2:$C$271,2,0)) -> AVANZADO 1 | K52: =IFERROR(INDEX(PARAMETROS!$E$15:$E$19,MATCH(J52,PARAMETROS!$A$15:$A$19,0),1), "") -> 94 | L52: =IFERROR(AVERAGE(K52:K53),"") -> 97
H53: Copia de seguridad archivo digital | I53: La Entidad realiza copias de su archivo digital en localizaciones geográficas diferentes con el fin de mitigar los posibles riesgos de pérdida de información y documentar los protocolos necesarios para su administración, control y acceso requeridos. | J53: =IF(I53="","",VLOOKUP(I53,Listas!$B$2:$C$271,2,0)) -> AVANZADO 2 | K53: =IFERROR(INDEX(PARAMETROS!$E$15:$E$19,MATCH(J53,PARAMETROS!$A$15:$A$19,0),1), "") -> 100
G54: Interoperabilidad | H54: Político - legal | I54: La Entidad carece de normatividad y acuerdos asociados a los servicios de intercambio de documentos electrónicos | J54: =IF(I54="","",VLOOKUP(I54,Listas!$B$2:$C$271,2,0)) -> INICIAL | K54: =IFERROR(INDEX(PARAMETROS!$E$15:$E$19,MATCH(J54,PARAMETROS!$A$15:$A$19,0),1), "") -> 0 | L54: =IFERROR(AVERAGE(K54:K56),"") -> 48
H55: Semántico | I55: La entidad se encuentra en proceso de aplicación de un lenguaje común de intercambio de información documentado para definir las estructuras de los expedientes electrónicos | J55: =IF(I55="","",VLOOKUP(I55,Listas!$B$2:$C$271,2,0)) -> BÁSICO | K55: =IFERROR(INDEX(PARAMETROS!$E$15:$E$19,MATCH(J55,PARAMETROS!$A$15:$A$19,0),1), "") -> 65
H56: Técnico | I56: La arquitectura de la infraestructura tecnológica de la entidad se adapta a las necesidades específicas de intercambio de información y esta arquitectura está documentada y actualizada en un documento. | J56: =IF(I56="","",VLOOKUP(I56,Listas!$B$2:$C$271,2,0)) -> INTERMEDIO | K56: =IFERROR(INDEX(PARAMETROS!$E$15:$E$19,MATCH(J56,PARAMETROS!$A$15:$A$19,0),1), "") -> 79
D57: CULTURAL | G57: Gestión del conocimiento | H57: Programa de Gestión del Conocimiento | I57: La entidad realiza seguimiento y control a su Programa de Gestión del Conocimiento a través de los procesos de auditoría para la identificación, capitalización, aprovechamiento de la información y documentación en todos los ámbitos de su proceso evolutivo. | J57: =IF(I57="","",VLOOKUP(I57,Listas!$B$2:$C$271,2,0)) -> #VALUE! | K57: =IFERROR(INDEX(PARAMETROS!$E$15:$E$19,MATCH(J57,PARAMETROS!$A$15:$A$19,0),1), "") | L57: =IFERROR(AVERAGE(K57:K59),"") -> 50
H58: Memoria Institucional | I58: La entidad realiza procesos de mejora continua para la actualización de la memoria institucional que contribuyan a la generación de nuevo conocimiento en la entidad. | J58: =IF(I58="","",VLOOKUP(I58,Listas!$B$2:$C$271,2,0)) -> AVANZADO 2 | K58: =IFERROR(INDEX(PARAMETROS!$E$15:$E$19,MATCH(J58,PARAMETROS!$A$15:$A$19,0),1), "") -> 100
H59: Archivos Históricos | I59: La entidad carece de la identificación de documentos con carácter histórico. | J59: =IF(I59="","",VLOOKUP(I59,Listas!$B$2:$C$271,2,0)) -> INICIAL | K59: =IFERROR(INDEX(PARAMETROS!$E$15:$E$19,MATCH(J59,PARAMETROS!$A$15:$A$19,0),1), "") -> 0
G60: Redes culturales | H60: Redes culturales | I60: La entidad está consolidando estrategias que le permitan tener disponibilidad la información contenida en sus archivos para fomentar el desarrollo de los procesos culturales. | J60: =IF(I60="","",VLOOKUP(I60,Listas!$B$2:$C$271,2,0)) -> BÁSICO | K60: =IFERROR(INDEX(PARAMETROS!$E$15:$E$19,MATCH(J60,PARAMETROS!$A$15:$A$19,0),1), "") -> 65 | L60: =IFERROR(AVERAGE(K60:K63),"") -> 79.333333
H61: Rendición de cuentas | I61: La entidad implementa mecanismos que dan cuenta del cumplimiento en gestión documental y administración de archivos haciendo uso de los medios institucionales de comunicación establecidos para tal fin. | J61: =IF(I61="","",VLOOKUP(I61,Listas!$B$2:$C$271,2,0)) -> INTERMEDIO | K61: =IFERROR(INDEX(PARAMETROS!$E$15:$E$19,MATCH(J61,PARAMETROS!$A$15:$A$19,0),1), "") -> 79
H62: Mecanismos de Difusión | I62: La entidad realiza seguimiento y control a los mecanismos de difusión de la información contenida en sus documentos de archivo orientados a visibilizar su memoria institucional. | J62: =IF(I62="","",VLOOKUP(I62,Listas!$B$2:$C$271,2,0)) -> AVANZADO 1 | K62: =IFERROR(INDEX(PARAMETROS!$E$15:$E$19,MATCH(J62,PARAMETROS!$A$15:$A$19,0),1), "") -> 94
H63: Acceso y Consulta de la Información | I63: La entidad realiza procesos de mejora continua a las estrategias de acceso y consulta de la información contenida en sus documentos de archivo orientadas a la actualización de los instrumentos y a los procesos de innovación que faciliten el acercamiento con el usuario. | J63: =IF(I63="","",VLOOKUP(I63,Listas!$B$2:$C$271,2,0)) -> #VALUE! | K63: =IFERROR(INDEX(PARAMETROS!$E$15:$E$19,MATCH(J63,PARAMETROS!$A$15:$A$19,0),1), "")
G64: Protección del ambiente | H64: Plan Institucional de Gestión Ambiental | I64: La entidad carece de Plan Institucional de Gestión Ambiental. | J64: =IF(I64="","",VLOOKUP(I64,Listas!$B$2:$C$271,2,0)) -> INICIAL | K64: =IFERROR(INDEX(PARAMETROS!$E$15:$E$19,MATCH(J64,PARAMETROS!$A$15:$A$19,0),1), "") -> 0 | L64: =IFERROR(AVERAGE(K64),"") -> 0
